 Dungeon Crawl Stone Soup version 0.30-a0-168-g0b976cbdc4 (webtiles) character file.

Game seed: 9080278124857182374

601 qw the Chopper (level 7, 0/3 HPs)
             Began as a Gargoyle Fighter on Sept 29, 2022.
             Slain by a goblin
             ... wielding a +0 spear
              (3 damage)
             ... on level 4 of the Dungeon.
             The game lasted 00:32:56 (31374 turns).

qw the Chopper (Gargoyle Fighter)                  Turns: 31374, Time: 00:32:57

Health: 0/3        AC: 15    Str: 19 (21) XL:     7   Next: 41%
Magic:  7/7        EV:  7    Int:  7 (9)  God:
Gold:   87         SH:  4    Dex:  9      Spells: 6/6 levels left

rFire   . . .      SeeInvis +    Y - +0 war axe
rCold   . . .      Faith    .    c - +0 buckler
rNeg    + . .      Spirit   .    k - +0 chain mail
rPois   inf        Reflect  .    (no helmet)
rElec   +          Harm     .    e - +0 cloak
rCorr   .          Rampage  .    (no gloves)
Will    .....                    (no boots)
Stlth   ..........               l - amulet of regeneration
HPRegen 0.81/turn                r - ring of see invisible
MPRegen 0.10/turn                (no ring)

@: bezotted
A: sickness immunity, AC +4, negative energy resistance 1, electricity
resistance, torment resistance 1, petrification resistance
a: no special abilities


You were on level 4 of the Dungeon.
You visited 1 branch of the dungeon, and saw 4 of its levels.

You collected 111 gold pieces.
You spent 24 gold pieces at shops.


Innate Abilities, Weirdness & Mutations

You are immune to sickness and miasma.
Your stone body is resilient. (AC +4)
You are immune to poison.
You resist negative energy. (rN+)
You are resistant to electric shocks. (rElec)
You are resistant to unholy torment.
You are immune to petrification.


   Skills:
 + Level 4.1 Fighting
 - Level 7.0 Axes
 - Level 3.2 Armour
 - Level 3.2 Shields


You had 6 spell levels left.
You didn't know any spells.
Your spell library was empty.

Inventory:

Hand Weapons
 f - a +0 whip
 Y - a +0 war axe (weapon)
Armour
 c - a +0 buckler (worn)
 e - a +0 cloak (worn)
 k - a +0 chain mail (worn)
Jewellery
 l - an amulet of regeneration (around neck)
 r - a ring of see invisible (left hand)
Scrolls
 n - a scroll of identify
 o - a scroll of teleportation
Potions
 b - a potion of lignification
 d - 3 potions of might
 g - a potion of invisibility {unknown}
 i - a potion of heal wounds
 j - 3 potions of curing
 m - a potion of resistance {unknown}
 q - a potion of brilliance {unknown}

Dungeon Overview and Level Annotations

Branches:
Dungeon (4/15) Zot: 535
 Temple: D:4-7

Altars:
Fedhas
Gozag
Kikubaaqudgha
Okawaru
Vehumet
Zin

Shops:
D:2 !*==


Message History

31211 ||| FLEEEEING.
There is an open door here.
There is an open door here.
The goblin hits you but does no damage.
31231 ||| FLEEEEING.
There is an open door here.
There is an open door here.
The goblin hits you but does no damage.
31251 ||| FLEEEEING.
There is an open door here.
There is an open door here.
The goblin hits you but does no damage.
31271 ||| FLEEEEING.
There is an open door here.
There is an open door here.
The goblin hits you but does no damage.
31291 ||| FLEEEEING.
There is an open door here.
There is an open door here.
The goblin completely misses you. The goblin hits you but does no damage.
31312 ||| FLEEEEING.
You block the goblin's attack.
31313 ||| FLEEEEING.
There is an open door here.
There is an open door here.
The goblin closely misses you. You block the goblin's attack.
31334 ||| FLEEEEING.
You block the goblin's attack.
31335 ||| FLEEEEING.
There is an open door here.
There is an open door here.
The goblin hits you but does no damage.
31355 ||| FLEEEEING.
There is an open door here.
There is an open door here.
The goblin hits you from afar with a +0 spear.
Ouch! That really hurt!
You die...

..'.........#.....#......
..#######...#.>...#......
# #..8..###'#.....#......
#.8_8.#.........##'####
#..8..#.........#......
#~~.~~#.........#......
#g~.~g#.........#.>....
#.#~~.~~#.........#......
#....[..@.........#######
....#.....###+###.....
... #....... ..... ..
#......... ..... .
#........... ..
#........... ##..########
...


You could see 2 goblins.

Vanquished Creatures
  Grinder (D:3)
  A phantom (D:4)
  A necrophage (D:4)
  A scorpion (D:4)
  3 hounds
  An iguana (D:4)
  A gnoll (D:3)
  An adder (D:2)
  2 worms (D:3)
  2 dart slugs (D:1)
  An orc (D:3)
  6 ball pythons
  7 endoplasms
  3 giant cockroaches
  3 goblins
  8 hobgoblins
  4 jackals (D:4)
  3 quokkas
  5 bats
  A frilled lizard (D:2)
  10 kobolds
  4 rats
69 creatures vanquished.

Notes
Turn   | Place    | Note
-------+----------+-------------------------------------------
     0 | D:1      | qw the Gargoyle Fighter began the quest for the Orb.
     0 | D:1      | Reached XP level 1. HP: 14/14 MP: 1/1
     0 | D:1      | 0 ||| qw: Version: 0.2-a-12-gaebbb33
     0 | D:1      | 0 ||| qw: Game counter: 1194
     0 | D:1      | 0 ||| qw: Always use a shield: true
     0 | D:1      | 0 ||| qw: God list: Okawaru
     0 | D:1      | 0 ||| qw: Allow faded altars: false
     0 | D:1      | 0 ||| qw: Do Orc after D:15 true
     0 | D:1      | 0 ||| qw: Do second Lair branch before Depths: true
     0 | D:1      | 0 ||| qw: Lair rune preference: random
     0 | D:1      | 0 ||| qw: Plans: Normal, Zot:1-4, God:TSO, Crypt, Tomb,
                  | Pan, Slime:5, Hells, Abyss, Orb
     0 | D:1      | 0 ||| PLANNING D:1-11
    33 | D:1      | Reached skill level 2 in Axes
    38 | D:1      | Reached XP level 2. HP: 18/19 MP: 2/2
    69 | D:1      | 69 ||| Stepping ~*~*~tactically~*~*~ (hiding).
   455 | D:1      | Reached skill level 3 in Axes
   549 | D:1      | Reached XP level 3. HP: 23/23 MP: 3/3
   573 | D:1      | Found a faded altar of an unknown god.
   574 | D:1      | 574 ||| UPGRADING to +0 cloak.
   586 | D:1      | 586 ||| UPGRADING to +0 chain mail.
   596 | D:1      | 596 ||| DROPPING +0 scale mail.
   597 | D:1      | Noticed a floating eye
   599 | D:1      | Noticed a great orb of eyes
   605 | D:1      | Noticed a floating eye
   924 | D:1      | 924 ||| DROPPING +6 ring of intelligence.
   925 | D:1      | 925 ||| READING scroll labelled QOBUTW WARR.
   926 | D:1      | 926 ||| READING scroll labelled JUESOI DIRUWU.
   927 | D:1      | 927 ||| DRINKING 2 red potions.
  1343 | D:2      | Found Gamuw's Jewellery Shoppe.
  1358 | D:2      | 1358 ||| SHOPLISTING amulet "Petholups" {RegenMP rF+ Dex+2}
                  | (626 gold, have 22).
  1358 | D:2      | 1358 ||| SHOPLISTING ring "Vecet" {rPois Will+ Str-2 Int+4}
                  | (525 gold, have 22).
  1358 | D:2      | 1358 ||| SHOPLISTING ring of fire (325 gold, have 22).
  1358 | D:2      | 1358 ||| SHOPLISTING ring of see invisible (195 gold, have
                  | 22).
  1378 | D:2      | Found Zuac's Jewellery Shop.
  1386 | D:2      | 1386 ||| SHOPLISTING +6 ring of dexterity (468 gold, have
                  | 22).
  1386 | D:2      | 1386 ||| SHOPLISTING amulet of guardian spirit (390 gold,
                  | have 22).
  1386 | D:2      | 1386 ||| SHOPLISTING amulet of regeneration (390 gold, have
                  | 22).
  1386 | D:2      | 1386 ||| SHOPLISTING ring of resist corrosion (260 gold,
                  | have 22).
  1386 | D:2      | 1386 ||| SHOPLISTING ring of willpower (325 gold, have 22).
  1516 | D:2      | 1516 ||| Stepping ~*~*~tactically~*~*~ (stealth).
  1517 | D:2      | 1517 ||| Stepping ~*~*~tactically~*~*~ (stealth).
  1525 | D:2      | Found Haotepsa's Assorted Antiques.
  1528 | D:2      | 1528 ||| SHOPLISTING 2 potions of curing (162 gold, have
                  | 44).
  1528 | D:2      | 1528 ||| SHOPLISTING potion of curing (81 gold, have 44).
  1528 | D:2      | 1528 ||| BUYING sedimented coppery potion (24 gold).
  1528 | D:2      | Bought a sedimented coppery potion for 24 gold pieces
  1531 | D:2      | Found Rohuamiat's Distillery.
  1539 | D:2      | 1539 ||| SHOPLISTING potion of haste (120 gold, have 20).
  1539 | D:2      | 1539 ||| SHOPLISTING potion of heal wounds (60 gold, have
                  | 20).
  1590 | D:2      | Reached XP level 4. HP: 28/28 MP: 4/4
  1625 | D:2      | 1625 ||| Stepping ~*~*~tactically~*~*~ (stealth).
  1985 | D:2      | 1985 ||| UPGRADING to amulet of regeneration.
  1990 | D:2      | 1990 ||| READING scroll labelled PAWELEFOSY.
  2317 | D:3      | Noticed Grinder
  2331 | D:3      | 2331 ||| Stepping ~*~*~tactically~*~*~ (hiding).
  2332 | D:3      | 2332 ||| Stepping ~*~*~tactically~*~*~ (hiding).
  2337 | D:3      | Paralysed by Grinder for 4 turns
  2355 | D:3      | Paralysed by Grinder for 4 turns
  2379 | D:3      | Killed Grinder
  2380 | D:3      | Reached skill level 5 in Axes
  2380 | D:3      | Reached XP level 5. HP: 32/32 MP: 5/5
  2380 | D:3      | Reached XP level 6. HP: 37/37 MP: 6/6
  2447 | D:3      | Found a blossoming altar of Fedhas.
  2450 | D:3      | Found an opulent altar of Gozag.
  2452 | D:3      | Found a radiant altar of Vehumet.
  2452 | D:3      | Found a glowing silver altar of Zin.
  2453 | D:3      | Found an ancient bone altar of Kikubaaqudgha.
  2592 | D:3      | 2592 ||| Stepping ~*~*~tactically~*~*~ (stealth).
  2649 | D:3      | HP: 9/38 [hound (4)]
  2655 | D:3      | HP: 8/38 [gnoll/+0 spear (4)]
  2920 | D:3      | 2920 ||| UPGRADING to ring of see invisible.
  2921 | D:3      | 2921 ||| READING 2 scrolls labelled LATAW YTROLIST.
  2925 | D:3      | 2925 ||| READING scroll labelled UCEUMU ERENUUZ.
  2926 | D:3      | 2926 ||| DRINKING 2 fuming cyan potions.
  2969 | D:3      | 2969 ||| DRINKING 2 sedimented coppery potions.
  2970 | D:3      | 2970 ||| DRINKING 2 emerald potions.
  2971 | D:3      | 2971 ||| READING 2 scrolls of identify.
  2971 | D:3      | 2971 ||| IDENTIFYING amethyst potion
  2972 | D:3      | 2972 ||| DROPPING potion of magic.
  2973 | D:3      | 2973 ||| DROPPING potion of degeneration.
  3012 | D:4      | Reached skill level 6 in Axes
  3084 | D:4      | Found an iron altar of Okawaru.
  3085 | D:4      | 3085 ||| PLANNING OKAWARU WORSHIP
  3085 | D:4      | 3085 ||| FLEEEEING.
  3105 | D:4      | 3105 ||| FLEEEEING.
  3125 | D:4      | 3125 ||| FLEEEEING.
  3146 | D:4      | 3146 ||| FLEEEEING.
  3147 | D:4      | 3147 ||| FLEEEEING.
  3167 | D:4      | 3167 ||| FLEEEEING.
  3187 | D:4      | 3187 ||| FLEEEEING.
  3208 | D:4      | 3208 ||| FLEEEEING.
  3209 | D:4      | 3209 ||| FLEEEEING.
  3229 | D:4      | 3229 ||| FLEEEEING.
  3250 | D:4      | 3250 ||| FLEEEEING.
  3251 | D:4      | 3251 ||| FLEEEEING.
  3271 | D:4      | 3271 ||| FLEEEEING.
  3287 | D:4      | 3287 ||| FLEEEEING.
  3288 | D:4      | 3288 ||| FLEEEEING.
  3289 | D:4      | 3289 ||| FLEEEEING.
  3292 | D:4      | 3292 ||| FLEEEEING.
  3293 | D:4      | 3293 ||| FLEEEEING.
  3294 | D:4      | 3294 ||| FLEEEEING.
  3295 | D:4      | 3295 ||| FLEEEEING.
  3296 | D:4      | 3296 ||| FLEEEEING.
  3297 | D:4      | 3297 ||| FLEEEEING.
  3298 | D:4      | 3298 ||| FLEEEEING.
  3299 | D:4      | 3299 ||| FLEEEEING.
  3300 | D:4      | 3300 ||| STAIRDANCE
  3314 | D:4      | Reached XP level 7. HP: 43/43 MP: 7/7
  3314 | D:4      | 3314 ||| STAIRDANCE
  3335 | D:4      | 3335 ||| FLEEEEING.
  3355 | D:4      | 3355 ||| FLEEEEING.
  3375 | D:4      | 3375 ||| FLEEEEING.
  3395 | D:4      | 3395 ||| FLEEEEING.
  3415 | D:4      | 3415 ||| FLEEEEING.
  3435 | D:4      | 3435 ||| FLEEEEING.
  3455 | D:4      | 3455 ||| FLEEEEING.
  3475 | D:4      | 3475 ||| FLEEEEING.
  3495 | D:4      | 3495 ||| FLEEEEING.
  3515 | D:4      | 3515 ||| FLEEEEING.
  3535 | D:4      | 3535 ||| FLEEEEING.
  3555 | D:4      | 3555 ||| FLEEEEING.
  3575 | D:4      | 3575 ||| FLEEEEING.
  3595 | D:4      | 3595 ||| FLEEEEING.
  3615 | D:4      | 3615 ||| FLEEEEING.
  3635 | D:4      | 3635 ||| FLEEEEING.
  3655 | D:4      | 3655 ||| FLEEEEING.
  3675 | D:4      | 3675 ||| FLEEEEING.
  3695 | D:4      | 3695 ||| FLEEEEING.
  3715 | D:4      | 3715 ||| FLEEEEING.
  3735 | D:4      | 3735 ||| FLEEEEING.
  3755 | D:4      | 3755 ||| FLEEEEING.
  3775 | D:4      | 3775 ||| FLEEEEING.
  3795 | D:4      | 3795 ||| FLEEEEING.
  3815 | D:4      | 3815 ||| FLEEEEING.
  3835 | D:4      | 3835 ||| FLEEEEING.
  3855 | D:4      | 3855 ||| FLEEEEING.
  3875 | D:4      | 3875 ||| FLEEEEING.
  3895 | D:4      | 3895 ||| FLEEEEING.
  3915 | D:4      | 3915 ||| FLEEEEING.
  3935 | D:4      | 3935 ||| FLEEEEING.
  3955 | D:4      | 3955 ||| FLEEEEING.
  3975 | D:4      | 3975 ||| FLEEEEING.
  3995 | D:4      | 3995 ||| FLEEEEING.
  4015 | D:4      | 4015 ||| FLEEEEING.
  4035 | D:4      | 4035 ||| FLEEEEING.
  4055 | D:4      | 4055 ||| FLEEEEING.
  4075 | D:4      | 4075 ||| FLEEEEING.
  4095 | D:4      | 4095 ||| FLEEEEING.
  4115 | D:4      | 4115 ||| FLEEEEING.
  4135 | D:4      | 4135 ||| FLEEEEING.
  4155 | D:4      | 4155 ||| FLEEEEING.
  4175 | D:4      | 4175 ||| FLEEEEING.
  4195 | D:4      | 4195 ||| FLEEEEING.
  4215 | D:4      | 4215 ||| FLEEEEING.
  4235 | D:4      | 4235 ||| FLEEEEING.
  4255 | D:4      | 4255 ||| FLEEEEING.
  4275 | D:4      | 4275 ||| FLEEEEING.
  4295 | D:4      | 4295 ||| FLEEEEING.
  4315 | D:4      | 4315 ||| FLEEEEING.
  4335 | D:4      | 4335 ||| FLEEEEING.
  4355 | D:4      | 4355 ||| FLEEEEING.
  4375 | D:4      | 4375 ||| FLEEEEING.
  4395 | D:4      | 4395 ||| FLEEEEING.
  4415 | D:4      | 4415 ||| FLEEEEING.
  4435 | D:4      | 4435 ||| FLEEEEING.
  4455 | D:4      | 4455 ||| FLEEEEING.
  4475 | D:4      | 4475 ||| FLEEEEING.
  4495 | D:4      | 4495 ||| FLEEEEING.
  4515 | D:4      | 4515 ||| FLEEEEING.
  4535 | D:4      | 4535 ||| FLEEEEING.
  4555 | D:4      | 4555 ||| FLEEEEING.
  4575 | D:4      | 4575 ||| FLEEEEING.
  4595 | D:4      | 4595 ||| FLEEEEING.
  4615 | D:4      | 4615 ||| FLEEEEING.
  4635 | D:4      | 4635 ||| FLEEEEING.
  4655 | D:4      | 4655 ||| FLEEEEING.
  4675 | D:4      | 4675 ||| FLEEEEING.
  4695 | D:4      | 4695 ||| FLEEEEING.
  4715 | D:4      | 4715 ||| FLEEEEING.
  4735 | D:4      | 4735 ||| FLEEEEING.
  4755 | D:4      | 4755 ||| FLEEEEING.
  4775 | D:4      | 4775 ||| FLEEEEING.
  4795 | D:4      | 4795 ||| FLEEEEING.
  4815 | D:4      | 4815 ||| FLEEEEING.
  4822 | D:4      | 4822 ||| FLEEEEING.
  4862 | D:4      | 4862 ||| FLEEEEING.
  4863 | D:4      | 4863 ||| FLEEEEING.
  4883 | D:4      | 4883 ||| FLEEEEING.
  4904 | D:4      | 4904 ||| FLEEEEING.
  4905 | D:4      | 4905 ||| FLEEEEING.
  4925 | D:4      | 4925 ||| FLEEEEING.
  4945 | D:4      | 4945 ||| FLEEEEING.
  4965 | D:4      | 4965 ||| FLEEEEING.
  4985 | D:4      | 4985 ||| FLEEEEING.
  5005 | D:4      | 5005 ||| FLEEEEING.
  5025 | D:4      | 5025 ||| FLEEEEING.
  5045 | D:4      | 5045 ||| FLEEEEING.
  5065 | D:4      | 5065 ||| FLEEEEING.
  5085 | D:4      | 5085 ||| FLEEEEING.
  5105 | D:4      | 5105 ||| FLEEEEING.
  5125 | D:4      | 5125 ||| FLEEEEING.
  5145 | D:4      | 5145 ||| FLEEEEING.
  5165 | D:4      | 5165 ||| FLEEEEING.
  5185 | D:4      | 5185 ||| FLEEEEING.
  5205 | D:4      | 5205 ||| FLEEEEING.
  5225 | D:4      | 5225 ||| FLEEEEING.
  5245 | D:4      | 5245 ||| FLEEEEING.
  5265 | D:4      | 5265 ||| FLEEEEING.
  5285 | D:4      | 5285 ||| FLEEEEING.
  5305 | D:4      | 5305 ||| FLEEEEING.
  5325 | D:4      | 5325 ||| FLEEEEING.
  5346 | D:4      | 5346 ||| FLEEEEING.
  5347 | D:4      | 5347 ||| FLEEEEING.
  5367 | D:4      | 5367 ||| FLEEEEING.
  5388 | D:4      | 5388 ||| FLEEEEING.
  5389 | D:4      | 5389 ||| FLEEEEING.
  5409 | D:4      | 5409 ||| FLEEEEING.
  5429 | D:4      | 5429 ||| FLEEEEING.
  5450 | D:4      | 5450 ||| FLEEEEING.
  5451 | D:4      | 5451 ||| FLEEEEING.
  5472 | D:4      | 5472 ||| FLEEEEING.
  5473 | D:4      | 5473 ||| FLEEEEING.
  5494 | D:4      | 5494 ||| FLEEEEING.
  5495 | D:4      | 5495 ||| FLEEEEING.
  5515 | D:4      | 5515 ||| FLEEEEING.
  5536 | D:4      | 5536 ||| FLEEEEING.
  5537 | D:4      | 5537 ||| FLEEEEING.
  5557 | D:4      | 5557 ||| FLEEEEING.
  5577 | D:4      | 5577 ||| FLEEEEING.
  5597 | D:4      | 5597 ||| FLEEEEING.
  5619 | D:4      | 5619 ||| FLEEEEING.
  5620 | D:4      | 5620 ||| FLEEEEING.
  5621 | D:4      | 5621 ||| FLEEEEING.
  5642 | D:4      | 5642 ||| FLEEEEING.
  5643 | D:4      | 5643 ||| FLEEEEING.
  5663 | D:4      | 5663 ||| FLEEEEING.
  5683 | D:4      | 5683 ||| FLEEEEING.
  5703 | D:4      | 5703 ||| FLEEEEING.
  5723 | D:4      | 5723 ||| FLEEEEING.
  5743 | D:4      | 5743 ||| FLEEEEING.
  5763 | D:4      | 5763 ||| FLEEEEING.
  5783 | D:4      | 5783 ||| FLEEEEING.
  5803 | D:4      | 5803 ||| FLEEEEING.
  5823 | D:4      | 5823 ||| FLEEEEING.
  5843 | D:4      | 5843 ||| FLEEEEING.
  5864 | D:4      | 5864 ||| FLEEEEING.
  5865 | D:4      | 5865 ||| FLEEEEING.
  5885 | D:4      | 5885 ||| FLEEEEING.
  5905 | D:4      | 5905 ||| FLEEEEING.
  5925 | D:4      | 5925 ||| FLEEEEING.
  5945 | D:4      | 5945 ||| FLEEEEING.
  5965 | D:4      | 5965 ||| FLEEEEING.
  5985 | D:4      | 5985 ||| FLEEEEING.
  6005 | D:4      | 6005 ||| FLEEEEING.
  6025 | D:4      | 6025 ||| FLEEEEING.
  6045 | D:4      | 6045 ||| FLEEEEING.
  6066 | D:4      | 6066 ||| FLEEEEING.
  6067 | D:4      | 6067 ||| FLEEEEING.
  6087 | D:4      | 6087 ||| FLEEEEING.
  6107 | D:4      | 6107 ||| FLEEEEING.
  6127 | D:4      | 6127 ||| FLEEEEING.
  6147 | D:4      | 6147 ||| FLEEEEING.
  6167 | D:4      | 6167 ||| FLEEEEING.
  6190 | D:4      | 6190 ||| FLEEEEING.
  6191 | D:4      | 6191 ||| FLEEEEING.
  6192 | D:4      | 6192 ||| FLEEEEING.
  6193 | D:4      | 6193 ||| FLEEEEING.
  6213 | D:4      | 6213 ||| FLEEEEING.
  6234 | D:4      | 6234 ||| FLEEEEING.
  6235 | D:4      | 6235 ||| FLEEEEING.
  6258 | D:4      | 6258 ||| FLEEEEING.
  6259 | D:4      | 6259 ||| FLEEEEING.
  6260 | D:4      | 6260 ||| FLEEEEING.
  6261 | D:4      | 6261 ||| FLEEEEING.
  6281 | D:4      | 6281 ||| FLEEEEING.
  6301 | D:4      | 6301 ||| FLEEEEING.
  6321 | D:4      | 6321 ||| FLEEEEING.
  6343 | D:4      | 6343 ||| FLEEEEING.
  6344 | D:4      | 6344 ||| FLEEEEING.
  6345 | D:4      | 6345 ||| FLEEEEING.
  6366 | D:4      | 6366 ||| FLEEEEING.
  6367 | D:4      | 6367 ||| FLEEEEING.
  6387 | D:4      | 6387 ||| FLEEEEING.
  6407 | D:4      | 6407 ||| FLEEEEING.
  6427 | D:4      | 6427 ||| FLEEEEING.
  6448 | D:4      | 6448 ||| FLEEEEING.
  6449 | D:4      | 6449 ||| FLEEEEING.
  6470 | D:4      | 6470 ||| FLEEEEING.
  6471 | D:4      | 6471 ||| FLEEEEING.
  6491 | D:4      | 6491 ||| FLEEEEING.
  6512 | D:4      | 6512 ||| FLEEEEING.
  6513 | D:4      | 6513 ||| FLEEEEING.
  6533 | D:4      | 6533 ||| FLEEEEING.
  6554 | D:4      | 6554 ||| FLEEEEING.
  6555 | D:4      | 6555 ||| FLEEEEING.
  6575 | D:4      | 6575 ||| FLEEEEING.
  6597 | D:4      | 6597 ||| FLEEEEING.
  6598 | D:4      | 6598 ||| FLEEEEING.
  6599 | D:4      | 6599 ||| FLEEEEING.
  6617 | D:4      | Reached skill level 7 in Axes
  6623 | D:4      | 6623 ||| FLEEEEING.
  6644 | D:4      | 6644 ||| FLEEEEING.
  6645 | D:4      | 6645 ||| FLEEEEING.
  6665 | D:4      | 6665 ||| FLEEEEING.
  6687 | D:4      | 6687 ||| FLEEEEING.
  6688 | D:4      | 6688 ||| FLEEEEING.
  6689 | D:4      | 6689 ||| FLEEEEING.
  6709 | D:4      | 6709 ||| FLEEEEING.
  6729 | D:4      | 6729 ||| FLEEEEING.
  6749 | D:4      | 6749 ||| FLEEEEING.
  6770 | D:4      | 6770 ||| FLEEEEING.
  6771 | D:4      | 6771 ||| FLEEEEING.
  6791 | D:4      | 6791 ||| FLEEEEING.
  6811 | D:4      | 6811 ||| FLEEEEING.
  6832 | D:4      | 6832 ||| FLEEEEING.
  6833 | D:4      | 6833 ||| FLEEEEING.
  6853 | D:4      | 6853 ||| FLEEEEING.
  6873 | D:4      | 6873 ||| FLEEEEING.
  6893 | D:4      | 6893 ||| FLEEEEING.
  6914 | D:4      | 6914 ||| FLEEEEING.
  6915 | D:4      | 6915 ||| FLEEEEING.
  6935 | D:4      | 6935 ||| FLEEEEING.
  6955 | D:4      | 6955 ||| FLEEEEING.
  6975 | D:4      | 6975 ||| FLEEEEING.
  6996 | D:4      | 6996 ||| FLEEEEING.
  6997 | D:4      | 6997 ||| FLEEEEING.
  7017 | D:4      | 7017 ||| FLEEEEING.
  7037 | D:4      | 7037 ||| FLEEEEING.
  7057 | D:4      | 7057 ||| FLEEEEING.
  7078 | D:4      | 7078 ||| FLEEEEING.
  7079 | D:4      | 7079 ||| FLEEEEING.
  7099 | D:4      | 7099 ||| FLEEEEING.
  7119 | D:4      | 7119 ||| FLEEEEING.
  7139 | D:4      | 7139 ||| FLEEEEING.
  7160 | D:4      | 7160 ||| FLEEEEING.
  7161 | D:4      | 7161 ||| FLEEEEING.
  7182 | D:4      | 7182 ||| FLEEEEING.
  7183 | D:4      | 7183 ||| FLEEEEING.
  7203 | D:4      | 7203 ||| FLEEEEING.
  7223 | D:4      | 7223 ||| FLEEEEING.
  7243 | D:4      | 7243 ||| FLEEEEING.
  7263 | D:4      | 7263 ||| FLEEEEING.
  7283 | D:4      | 7283 ||| FLEEEEING.
  7304 | D:4      | 7304 ||| FLEEEEING.
  7305 | D:4      | 7305 ||| FLEEEEING.
  7325 | D:4      | 7325 ||| FLEEEEING.
  7346 | D:4      | 7346 ||| FLEEEEING.
  7347 | D:4      | 7347 ||| FLEEEEING.
  7367 | D:4      | 7367 ||| FLEEEEING.
  7387 | D:4      | 7387 ||| FLEEEEING.
  7408 | D:4      | 7408 ||| FLEEEEING.
  7409 | D:4      | 7409 ||| FLEEEEING.
  7430 | D:4      | 7430 ||| FLEEEEING.
  7431 | D:4      | 7431 ||| FLEEEEING.
  7451 | D:4      | 7451 ||| FLEEEEING.
  7472 | D:4      | 7472 ||| FLEEEEING.
  7473 | D:4      | 7473 ||| FLEEEEING.
  7493 | D:4      | 7493 ||| FLEEEEING.
  7513 | D:4      | 7513 ||| FLEEEEING.
  7535 | D:4      | 7535 ||| FLEEEEING.
  7536 | D:4      | 7536 ||| FLEEEEING.
  7537 | D:4      | 7537 ||| FLEEEEING.
  7557 | D:4      | 7557 ||| FLEEEEING.
  7577 | D:4      | 7577 ||| FLEEEEING.
  7597 | D:4      | 7597 ||| FLEEEEING.
  7617 | D:4      | 7617 ||| FLEEEEING.
  7638 | D:4      | 7638 ||| FLEEEEING.
  7639 | D:4      | 7639 ||| FLEEEEING.
  7659 | D:4      | 7659 ||| FLEEEEING.
  7679 | D:4      | 7679 ||| FLEEEEING.
  7699 | D:4      | 7699 ||| FLEEEEING.
  7720 | D:4      | 7720 ||| FLEEEEING.
  7721 | D:4      | 7721 ||| FLEEEEING.
  7741 | D:4      | 7741 ||| FLEEEEING.
  7761 | D:4      | 7761 ||| FLEEEEING.
  7781 | D:4      | 7781 ||| FLEEEEING.
  7801 | D:4      | 7801 ||| FLEEEEING.
  7824 | D:4      | 7824 ||| FLEEEEING.
  7825 | D:4      | 7825 ||| FLEEEEING.
  7826 | D:4      | 7826 ||| FLEEEEING.
  7827 | D:4      | 7827 ||| FLEEEEING.
  7847 | D:4      | 7847 ||| FLEEEEING.
  7868 | D:4      | 7868 ||| FLEEEEING.
  7869 | D:4      | 7869 ||| FLEEEEING.
  7889 | D:4      | 7889 ||| FLEEEEING.
  7910 | D:4      | 7910 ||| FLEEEEING.
  7911 | D:4      | 7911 ||| FLEEEEING.
  7931 | D:4      | 7931 ||| FLEEEEING.
  7951 | D:4      | 7951 ||| FLEEEEING.
  7971 | D:4      | 7971 ||| FLEEEEING.
  7991 | D:4      | 7991 ||| FLEEEEING.
  8011 | D:4      | 8011 ||| FLEEEEING.
  8031 | D:4      | 8031 ||| FLEEEEING.
  8051 | D:4      | 8051 ||| FLEEEEING.
  8073 | D:4      | 8073 ||| FLEEEEING.
  8074 | D:4      | 8074 ||| FLEEEEING.
  8075 | D:4      | 8075 ||| FLEEEEING.
  8096 | D:4      | 8096 ||| FLEEEEING.
  8097 | D:4      | 8097 ||| FLEEEEING.
  8121 | D:4      | 8121 ||| FLEEEEING.
  8122 | D:4      | 8122 ||| FLEEEEING.
  8123 | D:4      | 8123 ||| FLEEEEING.
  8124 | D:4      | 8124 ||| FLEEEEING.
  8125 | D:4      | 8125 ||| FLEEEEING.
  8145 | D:4      | 8145 ||| FLEEEEING.
  8165 | D:4      | 8165 ||| FLEEEEING.
  8187 | D:4      | 8187 ||| FLEEEEING.
  8188 | D:4      | 8188 ||| FLEEEEING.
  8189 | D:4      | 8189 ||| FLEEEEING.
  8209 | D:4      | 8209 ||| FLEEEEING.
  8229 | D:4      | 8229 ||| FLEEEEING.
  8249 | D:4      | 8249 ||| FLEEEEING.
  8270 | D:4      | 8270 ||| FLEEEEING.
  8271 | D:4      | 8271 ||| FLEEEEING.
  8291 | D:4      | 8291 ||| FLEEEEING.
  8311 | D:4      | 8311 ||| FLEEEEING.
  8331 | D:4      | 8331 ||| FLEEEEING.
  8351 | D:4      | 8351 ||| FLEEEEING.
  8372 | D:4      | 8372 ||| FLEEEEING.
  8373 | D:4      | 8373 ||| FLEEEEING.
  8393 | D:4      | 8393 ||| FLEEEEING.
  8413 | D:4      | 8413 ||| FLEEEEING.
  8433 | D:4      | 8433 ||| FLEEEEING.
  8453 | D:4      | 8453 ||| FLEEEEING.
  8474 | D:4      | 8474 ||| FLEEEEING.
  8475 | D:4      | 8475 ||| FLEEEEING.
  8495 | D:4      | 8495 ||| FLEEEEING.
  8516 | D:4      | 8516 ||| FLEEEEING.
  8517 | D:4      | 8517 ||| FLEEEEING.
  8537 | D:4      | 8537 ||| FLEEEEING.
  8557 | D:4      | 8557 ||| FLEEEEING.
  8577 | D:4      | 8577 ||| FLEEEEING.
  8597 | D:4      | 8597 ||| FLEEEEING.
  8617 | D:4      | 8617 ||| FLEEEEING.
  8638 | D:4      | 8638 ||| FLEEEEING.
  8639 | D:4      | 8639 ||| FLEEEEING.
  8659 | D:4      | 8659 ||| FLEEEEING.
  8679 | D:4      | 8679 ||| FLEEEEING.
  8699 | D:4      | 8699 ||| FLEEEEING.
  8719 | D:4      | 8719 ||| FLEEEEING.
  8739 | D:4      | 8739 ||| FLEEEEING.
  8759 | D:4      | 8759 ||| FLEEEEING.
  8779 | D:4      | 8779 ||| FLEEEEING.
  8799 | D:4      | 8799 ||| FLEEEEING.
  8820 | D:4      | 8820 ||| FLEEEEING.
  8821 | D:4      | 8821 ||| FLEEEEING.
  8841 | D:4      | 8841 ||| FLEEEEING.
  8861 | D:4      | 8861 ||| FLEEEEING.
  8881 | D:4      | 8881 ||| FLEEEEING.
  8901 | D:4      | 8901 ||| FLEEEEING.
  8921 | D:4      | 8921 ||| FLEEEEING.
  8941 | D:4      | 8941 ||| FLEEEEING.
  8961 | D:4      | 8961 ||| FLEEEEING.
  8981 | D:4      | 8981 ||| FLEEEEING.
  9001 | D:4      | 9001 ||| FLEEEEING.
  9022 | D:4      | 9022 ||| FLEEEEING.
  9023 | D:4      | 9023 ||| FLEEEEING.
  9045 | D:4      | 9045 ||| FLEEEEING.
  9046 | D:4      | 9046 ||| FLEEEEING.
  9047 | D:4      | 9047 ||| FLEEEEING.
  9067 | D:4      | 9067 ||| FLEEEEING.
  9090 | D:4      | 9090 ||| FLEEEEING.
  9091 | D:4      | 9091 ||| FLEEEEING.
  9092 | D:4      | 9092 ||| FLEEEEING.
  9093 | D:4      | 9093 ||| FLEEEEING.
  9115 | D:4      | 9115 ||| FLEEEEING.
  9116 | D:4      | 9116 ||| FLEEEEING.
  9117 | D:4      | 9117 ||| FLEEEEING.
  9137 | D:4      | 9137 ||| FLEEEEING.
  9158 | D:4      | 9158 ||| FLEEEEING.
  9159 | D:4      | 9159 ||| FLEEEEING.
  9180 | D:4      | 9180 ||| FLEEEEING.
  9181 | D:4      | 9181 ||| FLEEEEING.
  9201 | D:4      | 9201 ||| FLEEEEING.
  9221 | D:4      | 9221 ||| FLEEEEING.
  9241 | D:4      | 9241 ||| FLEEEEING.
  9262 | D:4      | 9262 ||| FLEEEEING.
  9263 | D:4      | 9263 ||| FLEEEEING.
  9284 | D:4      | 9284 ||| FLEEEEING.
  9285 | D:4      | 9285 ||| FLEEEEING.
  9305 | D:4      | 9305 ||| FLEEEEING.
  9325 | D:4      | 9325 ||| FLEEEEING.
  9347 | D:4      | 9347 ||| FLEEEEING.
  9348 | D:4      | 9348 ||| FLEEEEING.
  9349 | D:4      | 9349 ||| FLEEEEING.
  9371 | D:4      | 9371 ||| FLEEEEING.
  9372 | D:4      | 9372 ||| FLEEEEING.
  9373 | D:4      | 9373 ||| FLEEEEING.
  9393 | D:4      | 9393 ||| FLEEEEING.
  9413 | D:4      | 9413 ||| FLEEEEING.
  9434 | D:4      | 9434 ||| FLEEEEING.
  9435 | D:4      | 9435 ||| FLEEEEING.
  9455 | D:4      | 9455 ||| FLEEEEING.
  9475 | D:4      | 9475 ||| FLEEEEING.
  9495 | D:4      | 9495 ||| FLEEEEING.
  9515 | D:4      | 9515 ||| FLEEEEING.
  9536 | D:4      | 9536 ||| FLEEEEING.
  9537 | D:4      | 9537 ||| FLEEEEING.
  9558 | D:4      | 9558 ||| FLEEEEING.
  9559 | D:4      | 9559 ||| FLEEEEING.
  9581 | D:4      | 9581 ||| FLEEEEING.
  9582 | D:4      | 9582 ||| FLEEEEING.
  9583 | D:4      | 9583 ||| FLEEEEING.
  9605 | D:4      | 9605 ||| FLEEEEING.
  9606 | D:4      | 9606 ||| FLEEEEING.
  9607 | D:4      | 9607 ||| FLEEEEING.
  9629 | D:4      | 9629 ||| FLEEEEING.
  9630 | D:4      | 9630 ||| FLEEEEING.
  9631 | D:4      | 9631 ||| FLEEEEING.
  9651 | D:4      | 9651 ||| FLEEEEING.
  9671 | D:4      | 9671 ||| FLEEEEING.
  9692 | D:4      | 9692 ||| FLEEEEING.
  9693 | D:4      | 9693 ||| FLEEEEING.
  9713 | D:4      | 9713 ||| FLEEEEING.
  9734 | D:4      | 9734 ||| FLEEEEING.
  9735 | D:4      | 9735 ||| FLEEEEING.
  9755 | D:4      | 9755 ||| FLEEEEING.
  9775 | D:4      | 9775 ||| FLEEEEING.
  9795 | D:4      | 9795 ||| FLEEEEING.
  9816 | D:4      | 9816 ||| FLEEEEING.
  9817 | D:4      | 9817 ||| FLEEEEING.
  9837 | D:4      | 9837 ||| FLEEEEING.
  9857 | D:4      | 9857 ||| FLEEEEING.
  9877 | D:4      | 9877 ||| FLEEEEING.
  9897 | D:4      | 9897 ||| FLEEEEING.
  9917 | D:4      | 9917 ||| FLEEEEING.
  9937 | D:4      | 9937 ||| FLEEEEING.
  9957 | D:4      | 9957 ||| FLEEEEING.
  9977 | D:4      | 9977 ||| FLEEEEING.
  9997 | D:4      | 9997 ||| FLEEEEING.
 10017 | D:4      | 10017 ||| FLEEEEING.
 10037 | D:4      | 10037 ||| FLEEEEING.
 10057 | D:4      | 10057 ||| FLEEEEING.
 10077 | D:4      | 10077 ||| FLEEEEING.
 10098 | D:4      | 10098 ||| FLEEEEING.
 10099 | D:4      | 10099 ||| FLEEEEING.
 10119 | D:4      | 10119 ||| FLEEEEING.
 10140 | D:4      | 10140 ||| FLEEEEING.
 10141 | D:4      | 10141 ||| FLEEEEING.
 10161 | D:4      | 10161 ||| FLEEEEING.
 10182 | D:4      | 10182 ||| FLEEEEING.
 10183 | D:4      | 10183 ||| FLEEEEING.
 10203 | D:4      | 10203 ||| FLEEEEING.
 10223 | D:4      | 10223 ||| FLEEEEING.
 10244 | D:4      | 10244 ||| FLEEEEING.
 10245 | D:4      | 10245 ||| FLEEEEING.
 10265 | D:4      | 10265 ||| FLEEEEING.
 10285 | D:4      | 10285 ||| FLEEEEING.
 10305 | D:4      | 10305 ||| FLEEEEING.
 10326 | D:4      | 10326 ||| FLEEEEING.
 10327 | D:4      | 10327 ||| FLEEEEING.
 10347 | D:4      | 10347 ||| FLEEEEING.
 10367 | D:4      | 10367 ||| FLEEEEING.
 10388 | D:4      | 10388 ||| FLEEEEING.
 10389 | D:4      | 10389 ||| FLEEEEING.
 10409 | D:4      | 10409 ||| FLEEEEING.
 10429 | D:4      | 10429 ||| FLEEEEING.
 10450 | D:4      | 10450 ||| FLEEEEING.
 10451 | D:4      | 10451 ||| FLEEEEING.
 10471 | D:4      | 10471 ||| FLEEEEING.
 10491 | D:4      | 10491 ||| FLEEEEING.
 10511 | D:4      | 10511 ||| FLEEEEING.
 10531 | D:4      | 10531 ||| FLEEEEING.
 10551 | D:4      | 10551 ||| FLEEEEING.
 10571 | D:4      | 10571 ||| FLEEEEING.
 10591 | D:4      | 10591 ||| FLEEEEING.
 10611 | D:4      | 10611 ||| FLEEEEING.
 10632 | D:4      | 10632 ||| FLEEEEING.
 10633 | D:4      | 10633 ||| FLEEEEING.
 10653 | D:4      | 10653 ||| FLEEEEING.
 10673 | D:4      | 10673 ||| FLEEEEING.
 10693 | D:4      | 10693 ||| FLEEEEING.
 10713 | D:4      | 10713 ||| FLEEEEING.
 10736 | D:4      | 10736 ||| FLEEEEING.
 10737 | D:4      | 10737 ||| FLEEEEING.
 10738 | D:4      | 10738 ||| FLEEEEING.
 10739 | D:4      | 10739 ||| FLEEEEING.
 10761 | D:4      | 10761 ||| FLEEEEING.
 10762 | D:4      | 10762 ||| FLEEEEING.
 10763 | D:4      | 10763 ||| FLEEEEING.
 10783 | D:4      | 10783 ||| FLEEEEING.
 10803 | D:4      | 10803 ||| FLEEEEING.
 10823 | D:4      | 10823 ||| FLEEEEING.
 10843 | D:4      | 10843 ||| FLEEEEING.
 10863 | D:4      | 10863 ||| FLEEEEING.
 10883 | D:4      | 10883 ||| FLEEEEING.
 10903 | D:4      | 10903 ||| FLEEEEING.
 10923 | D:4      | 10923 ||| FLEEEEING.
 10943 | D:4      | 10943 ||| FLEEEEING.
 10964 | D:4      | 10964 ||| FLEEEEING.
 10965 | D:4      | 10965 ||| FLEEEEING.
 10986 | D:4      | 10986 ||| FLEEEEING.
 10987 | D:4      | 10987 ||| FLEEEEING.
 11007 | D:4      | 11007 ||| FLEEEEING.
 11027 | D:4      | 11027 ||| FLEEEEING.
 11047 | D:4      | 11047 ||| FLEEEEING.
 11067 | D:4      | 11067 ||| FLEEEEING.
 11087 | D:4      | 11087 ||| FLEEEEING.
 11107 | D:4      | 11107 ||| FLEEEEING.
 11127 | D:4      | 11127 ||| FLEEEEING.
 11147 | D:4      | 11147 ||| FLEEEEING.
 11168 | D:4      | 11168 ||| FLEEEEING.
 11169 | D:4      | 11169 ||| FLEEEEING.
 11189 | D:4      | 11189 ||| FLEEEEING.
 11209 | D:4      | 11209 ||| FLEEEEING.
 11229 | D:4      | 11229 ||| FLEEEEING.
 11250 | D:4      | 11250 ||| FLEEEEING.
 11251 | D:4      | 11251 ||| FLEEEEING.
 11271 | D:4      | 11271 ||| FLEEEEING.
 11291 | D:4      | 11291 ||| FLEEEEING.
 11311 | D:4      | 11311 ||| FLEEEEING.
 11332 | D:4      | 11332 ||| FLEEEEING.
 11333 | D:4      | 11333 ||| FLEEEEING.
 11353 | D:4      | 11353 ||| FLEEEEING.
 11373 | D:4      | 11373 ||| FLEEEEING.
 11393 | D:4      | 11393 ||| FLEEEEING.
 11413 | D:4      | 11413 ||| FLEEEEING.
 11433 | D:4      | 11433 ||| FLEEEEING.
 11454 | D:4      | 11454 ||| FLEEEEING.
 11455 | D:4      | 11455 ||| FLEEEEING.
 11475 | D:4      | 11475 ||| FLEEEEING.
 11496 | D:4      | 11496 ||| FLEEEEING.
 11497 | D:4      | 11497 ||| FLEEEEING.
 11519 | D:4      | 11519 ||| FLEEEEING.
 11520 | D:4      | 11520 ||| FLEEEEING.
 11521 | D:4      | 11521 ||| FLEEEEING.
 11541 | D:4      | 11541 ||| FLEEEEING.
 11563 | D:4      | 11563 ||| FLEEEEING.
 11564 | D:4      | 11564 ||| FLEEEEING.
 11565 | D:4      | 11565 ||| FLEEEEING.
 11586 | D:4      | 11586 ||| FLEEEEING.
 11587 | D:4      | 11587 ||| FLEEEEING.
 11607 | D:4      | 11607 ||| FLEEEEING.
 11627 | D:4      | 11627 ||| FLEEEEING.
 11647 | D:4      | 11647 ||| FLEEEEING.
 11669 | D:4      | 11669 ||| FLEEEEING.
 11670 | D:4      | 11670 ||| FLEEEEING.
 11671 | D:4      | 11671 ||| FLEEEEING.
 11691 | D:4      | 11691 ||| FLEEEEING.
 11712 | D:4      | 11712 ||| FLEEEEING.
 11713 | D:4      | 11713 ||| FLEEEEING.
 11733 | D:4      | 11733 ||| FLEEEEING.
 11753 | D:4      | 11753 ||| FLEEEEING.
 11773 | D:4      | 11773 ||| FLEEEEING.
 11793 | D:4      | 11793 ||| FLEEEEING.
 11814 | D:4      | 11814 ||| FLEEEEING.
 11815 | D:4      | 11815 ||| FLEEEEING.
 11837 | D:4      | 11837 ||| FLEEEEING.
 11838 | D:4      | 11838 ||| FLEEEEING.
 11839 | D:4      | 11839 ||| FLEEEEING.
 11859 | D:4      | 11859 ||| FLEEEEING.
 11880 | D:4      | 11880 ||| FLEEEEING.
 11881 | D:4      | 11881 ||| FLEEEEING.
 11901 | D:4      | 11901 ||| FLEEEEING.
 11922 | D:4      | 11922 ||| FLEEEEING.
 11923 | D:4      | 11923 ||| FLEEEEING.
 11943 | D:4      | 11943 ||| FLEEEEING.
 11963 | D:4      | 11963 ||| FLEEEEING.
 11986 | D:4      | 11986 ||| FLEEEEING.
 11987 | D:4      | 11987 ||| FLEEEEING.
 11988 | D:4      | 11988 ||| FLEEEEING.
 11989 | D:4      | 11989 ||| FLEEEEING.
 12009 | D:4      | 12009 ||| FLEEEEING.
 12029 | D:4      | 12029 ||| FLEEEEING.
 12049 | D:4      | 12049 ||| FLEEEEING.
 12069 | D:4      | 12069 ||| FLEEEEING.
 12089 | D:4      | 12089 ||| FLEEEEING.
 12110 | D:4      | 12110 ||| FLEEEEING.
 12111 | D:4      | 12111 ||| FLEEEEING.
 12131 | D:4      | 12131 ||| FLEEEEING.
 12151 | D:4      | 12151 ||| FLEEEEING.
 12171 | D:4      | 12171 ||| FLEEEEING.
 12191 | D:4      | 12191 ||| FLEEEEING.
 12211 | D:4      | 12211 ||| FLEEEEING.
 12231 | D:4      | 12231 ||| FLEEEEING.
 12251 | D:4      | 12251 ||| FLEEEEING.
 12271 | D:4      | 12271 ||| FLEEEEING.
 12291 | D:4      | 12291 ||| FLEEEEING.
 12312 | D:4      | 12312 ||| FLEEEEING.
 12313 | D:4      | 12313 ||| FLEEEEING.
 12333 | D:4      | 12333 ||| FLEEEEING.
 12353 | D:4      | 12353 ||| FLEEEEING.
 12373 | D:4      | 12373 ||| FLEEEEING.
 12394 | D:4      | 12394 ||| FLEEEEING.
 12395 | D:4      | 12395 ||| FLEEEEING.
 12415 | D:4      | 12415 ||| FLEEEEING.
 12435 | D:4      | 12435 ||| FLEEEEING.
 12455 | D:4      | 12455 ||| FLEEEEING.
 12475 | D:4      | 12475 ||| FLEEEEING.
 12495 | D:4      | 12495 ||| FLEEEEING.
 12515 | D:4      | 12515 ||| FLEEEEING.
 12535 | D:4      | 12535 ||| FLEEEEING.
 12555 | D:4      | 12555 ||| FLEEEEING.
 12577 | D:4      | 12577 ||| FLEEEEING.
 12578 | D:4      | 12578 ||| FLEEEEING.
 12579 | D:4      | 12579 ||| FLEEEEING.
 12600 | D:4      | 12600 ||| FLEEEEING.
 12601 | D:4      | 12601 ||| FLEEEEING.
 12621 | D:4      | 12621 ||| FLEEEEING.
 12641 | D:4      | 12641 ||| FLEEEEING.
 12662 | D:4      | 12662 ||| FLEEEEING.
 12663 | D:4      | 12663 ||| FLEEEEING.
 12683 | D:4      | 12683 ||| FLEEEEING.
 12703 | D:4      | 12703 ||| FLEEEEING.
 12723 | D:4      | 12723 ||| FLEEEEING.
 12743 | D:4      | 12743 ||| FLEEEEING.
 12763 | D:4      | 12763 ||| FLEEEEING.
 12784 | D:4      | 12784 ||| FLEEEEING.
 12785 | D:4      | 12785 ||| FLEEEEING.
 12806 | D:4      | 12806 ||| FLEEEEING.
 12807 | D:4      | 12807 ||| FLEEEEING.
 12827 | D:4      | 12827 ||| FLEEEEING.
 12847 | D:4      | 12847 ||| FLEEEEING.
 12867 | D:4      | 12867 ||| FLEEEEING.
 12887 | D:4      | 12887 ||| FLEEEEING.
 12907 | D:4      | 12907 ||| FLEEEEING.
 12928 | D:4      | 12928 ||| FLEEEEING.
 12929 | D:4      | 12929 ||| FLEEEEING.
 12951 | D:4      | 12951 ||| FLEEEEING.
 12952 | D:4      | 12952 ||| FLEEEEING.
 12953 | D:4      | 12953 ||| FLEEEEING.
 12973 | D:4      | 12973 ||| FLEEEEING.
 12993 | D:4      | 12993 ||| FLEEEEING.
 13015 | D:4      | 13015 ||| FLEEEEING.
 13016 | D:4      | 13016 ||| FLEEEEING.
 13017 | D:4      | 13017 ||| FLEEEEING.
 13037 | D:4      | 13037 ||| FLEEEEING.
 13057 | D:4      | 13057 ||| FLEEEEING.
 13077 | D:4      | 13077 ||| FLEEEEING.
 13097 | D:4      | 13097 ||| FLEEEEING.
 13118 | D:4      | 13118 ||| FLEEEEING.
 13119 | D:4      | 13119 ||| FLEEEEING.
 13141 | D:4      | 13141 ||| FLEEEEING.
 13142 | D:4      | 13142 ||| FLEEEEING.
 13143 | D:4      | 13143 ||| FLEEEEING.
 13164 | D:4      | 13164 ||| FLEEEEING.
 13165 | D:4      | 13165 ||| FLEEEEING.
 13185 | D:4      | 13185 ||| FLEEEEING.
 13207 | D:4      | 13207 ||| FLEEEEING.
 13208 | D:4      | 13208 ||| FLEEEEING.
 13209 | D:4      | 13209 ||| FLEEEEING.
 13229 | D:4      | 13229 ||| FLEEEEING.
 13250 | D:4      | 13250 ||| FLEEEEING.
 13251 | D:4      | 13251 ||| FLEEEEING.
 13271 | D:4      | 13271 ||| FLEEEEING.
 13291 | D:4      | 13291 ||| FLEEEEING.
 13311 | D:4      | 13311 ||| FLEEEEING.
 13332 | D:4      | 13332 ||| FLEEEEING.
 13333 | D:4      | 13333 ||| FLEEEEING.
 13353 | D:4      | 13353 ||| FLEEEEING.
 13373 | D:4      | 13373 ||| FLEEEEING.
 13393 | D:4      | 13393 ||| FLEEEEING.
 13413 | D:4      | 13413 ||| FLEEEEING.
 13433 | D:4      | 13433 ||| FLEEEEING.
 13453 | D:4      | 13453 ||| FLEEEEING.
 13473 | D:4      | 13473 ||| FLEEEEING.
 13493 | D:4      | 13493 ||| FLEEEEING.
 13513 | D:4      | 13513 ||| FLEEEEING.
 13534 | D:4      | 13534 ||| FLEEEEING.
 13535 | D:4      | 13535 ||| FLEEEEING.
 13555 | D:4      | 13555 ||| FLEEEEING.
 13575 | D:4      | 13575 ||| FLEEEEING.
 13595 | D:4      | 13595 ||| FLEEEEING.
 13615 | D:4      | 13615 ||| FLEEEEING.
 13635 | D:4      | 13635 ||| FLEEEEING.
 13655 | D:4      | 13655 ||| FLEEEEING.
 13675 | D:4      | 13675 ||| FLEEEEING.
 13698 | D:4      | 13698 ||| FLEEEEING.
 13699 | D:4      | 13699 ||| FLEEEEING.
 13700 | D:4      | 13700 ||| FLEEEEING.
 13701 | D:4      | 13701 ||| FLEEEEING.
 13721 | D:4      | 13721 ||| FLEEEEING.
 13741 | D:4      | 13741 ||| FLEEEEING.
 13761 | D:4      | 13761 ||| FLEEEEING.
 13781 | D:4      | 13781 ||| FLEEEEING.
 13801 | D:4      | 13801 ||| FLEEEEING.
 13821 | D:4      | 13821 ||| FLEEEEING.
 13842 | D:4      | 13842 ||| FLEEEEING.
 13843 | D:4      | 13843 ||| FLEEEEING.
 13863 | D:4      | 13863 ||| FLEEEEING.
 13883 | D:4      | 13883 ||| FLEEEEING.
 13903 | D:4      | 13903 ||| FLEEEEING.
 13923 | D:4      | 13923 ||| FLEEEEING.
 13943 | D:4      | 13943 ||| FLEEEEING.
 13963 | D:4      | 13963 ||| FLEEEEING.
 13983 | D:4      | 13983 ||| FLEEEEING.
 14004 | D:4      | 14004 ||| FLEEEEING.
 14005 | D:4      | 14005 ||| FLEEEEING.
 14025 | D:4      | 14025 ||| FLEEEEING.
 14045 | D:4      | 14045 ||| FLEEEEING.
 14065 | D:4      | 14065 ||| FLEEEEING.
 14086 | D:4      | 14086 ||| FLEEEEING.
 14087 | D:4      | 14087 ||| FLEEEEING.
 14107 | D:4      | 14107 ||| FLEEEEING.
 14127 | D:4      | 14127 ||| FLEEEEING.
 14148 | D:4      | 14148 ||| FLEEEEING.
 14149 | D:4      | 14149 ||| FLEEEEING.
 14169 | D:4      | 14169 ||| FLEEEEING.
 14189 | D:4      | 14189 ||| FLEEEEING.
 14210 | D:4      | 14210 ||| FLEEEEING.
 14211 | D:4      | 14211 ||| FLEEEEING.
 14231 | D:4      | 14231 ||| FLEEEEING.
 14251 | D:4      | 14251 ||| FLEEEEING.
 14271 | D:4      | 14271 ||| FLEEEEING.
 14291 | D:4      | 14291 ||| FLEEEEING.
 14311 | D:4      | 14311 ||| FLEEEEING.
 14331 | D:4      | 14331 ||| FLEEEEING.
 14352 | D:4      | 14352 ||| FLEEEEING.
 14353 | D:4      | 14353 ||| FLEEEEING.
 14373 | D:4      | 14373 ||| FLEEEEING.
 14394 | D:4      | 14394 ||| FLEEEEING.
 14395 | D:4      | 14395 ||| FLEEEEING.
 14415 | D:4      | 14415 ||| FLEEEEING.
 14435 | D:4      | 14435 ||| FLEEEEING.
 14455 | D:4      | 14455 ||| FLEEEEING.
 14475 | D:4      | 14475 ||| FLEEEEING.
 14495 | D:4      | 14495 ||| FLEEEEING.
 14515 | D:4      | 14515 ||| FLEEEEING.
 14535 | D:4      | 14535 ||| FLEEEEING.
 14556 | D:4      | 14556 ||| FLEEEEING.
 14557 | D:4      | 14557 ||| FLEEEEING.
 14577 | D:4      | 14577 ||| FLEEEEING.
 14597 | D:4      | 14597 ||| FLEEEEING.
 14618 | D:4      | 14618 ||| FLEEEEING.
 14619 | D:4      | 14619 ||| FLEEEEING.
 14639 | D:4      | 14639 ||| FLEEEEING.
 14659 | D:4      | 14659 ||| FLEEEEING.
 14679 | D:4      | 14679 ||| FLEEEEING.
 14699 | D:4      | 14699 ||| FLEEEEING.
 14719 | D:4      | 14719 ||| FLEEEEING.
 14740 | D:4      | 14740 ||| FLEEEEING.
 14741 | D:4      | 14741 ||| FLEEEEING.
 14761 | D:4      | 14761 ||| FLEEEEING.
 14781 | D:4      | 14781 ||| FLEEEEING.
 14803 | D:4      | 14803 ||| FLEEEEING.
 14804 | D:4      | 14804 ||| FLEEEEING.
 14805 | D:4      | 14805 ||| FLEEEEING.
 14825 | D:4      | 14825 ||| FLEEEEING.
 14845 | D:4      | 14845 ||| FLEEEEING.
 14865 | D:4      | 14865 ||| FLEEEEING.
 14885 | D:4      | 14885 ||| FLEEEEING.
 14905 | D:4      | 14905 ||| FLEEEEING.
 14925 | D:4      | 14925 ||| FLEEEEING.
 14945 | D:4      | 14945 ||| FLEEEEING.
 14965 | D:4      | 14965 ||| FLEEEEING.
 14985 | D:4      | 14985 ||| FLEEEEING.
 15007 | D:4      | 15007 ||| FLEEEEING.
 15008 | D:4      | 15008 ||| FLEEEEING.
 15009 | D:4      | 15009 ||| FLEEEEING.
 15030 | D:4      | 15030 ||| FLEEEEING.
 15031 | D:4      | 15031 ||| FLEEEEING.
 15051 | D:4      | 15051 ||| FLEEEEING.
 15072 | D:4      | 15072 ||| FLEEEEING.
 15073 | D:4      | 15073 ||| FLEEEEING.
 15093 | D:4      | 15093 ||| FLEEEEING.
 15114 | D:4      | 15114 ||| FLEEEEING.
 15115 | D:4      | 15115 ||| FLEEEEING.
 15135 | D:4      | 15135 ||| FLEEEEING.
 15156 | D:4      | 15156 ||| FLEEEEING.
 15157 | D:4      | 15157 ||| FLEEEEING.
 15177 | D:4      | 15177 ||| FLEEEEING.
 15199 | D:4      | 15199 ||| FLEEEEING.
 15200 | D:4      | 15200 ||| FLEEEEING.
 15201 | D:4      | 15201 ||| FLEEEEING.
 15222 | D:4      | 15222 ||| FLEEEEING.
 15223 | D:4      | 15223 ||| FLEEEEING.
 15243 | D:4      | 15243 ||| FLEEEEING.
 15263 | D:4      | 15263 ||| FLEEEEING.
 15283 | D:4      | 15283 ||| FLEEEEING.
 15303 | D:4      | 15303 ||| FLEEEEING.
 15323 | D:4      | 15323 ||| FLEEEEING.
 15345 | D:4      | 15345 ||| FLEEEEING.
 15346 | D:4      | 15346 ||| FLEEEEING.
 15347 | D:4      | 15347 ||| FLEEEEING.
 15368 | D:4      | 15368 ||| FLEEEEING.
 15369 | D:4      | 15369 ||| FLEEEEING.
 15390 | D:4      | 15390 ||| FLEEEEING.
 15391 | D:4      | 15391 ||| FLEEEEING.
 15411 | D:4      | 15411 ||| FLEEEEING.
 15431 | D:4      | 15431 ||| FLEEEEING.
 15452 | D:4      | 15452 ||| FLEEEEING.
 15453 | D:4      | 15453 ||| FLEEEEING.
 15473 | D:4      | 15473 ||| FLEEEEING.
 15493 | D:4      | 15493 ||| FLEEEEING.
 15513 | D:4      | 15513 ||| FLEEEEING.
 15533 | D:4      | 15533 ||| FLEEEEING.
 15554 | D:4      | 15554 ||| FLEEEEING.
 15555 | D:4      | 15555 ||| FLEEEEING.
 15577 | D:4      | 15577 ||| FLEEEEING.
 15578 | D:4      | 15578 ||| FLEEEEING.
 15579 | D:4      | 15579 ||| FLEEEEING.
 15599 | D:4      | 15599 ||| FLEEEEING.
 15619 | D:4      | 15619 ||| FLEEEEING.
 15639 | D:4      | 15639 ||| FLEEEEING.
 15659 | D:4      | 15659 ||| FLEEEEING.
 15679 | D:4      | 15679 ||| FLEEEEING.
 15701 | D:4      | 15701 ||| FLEEEEING.
 15702 | D:4      | 15702 ||| FLEEEEING.
 15703 | D:4      | 15703 ||| FLEEEEING.
 15723 | D:4      | 15723 ||| FLEEEEING.
 15743 | D:4      | 15743 ||| FLEEEEING.
 15763 | D:4      | 15763 ||| FLEEEEING.
 15783 | D:4      | 15783 ||| FLEEEEING.
 15803 | D:4      | 15803 ||| FLEEEEING.
 15823 | D:4      | 15823 ||| FLEEEEING.
 15844 | D:4      | 15844 ||| FLEEEEING.
 15845 | D:4      | 15845 ||| FLEEEEING.
 15867 | D:4      | 15867 ||| FLEEEEING.
 15868 | D:4      | 15868 ||| FLEEEEING.
 15869 | D:4      | 15869 ||| FLEEEEING.
 15889 | D:4      | 15889 ||| FLEEEEING.
 15909 | D:4      | 15909 ||| FLEEEEING.
 15931 | D:4      | 15931 ||| FLEEEEING.
 15932 | D:4      | 15932 ||| FLEEEEING.
 15933 | D:4      | 15933 ||| FLEEEEING.
 15954 | D:4      | 15954 ||| FLEEEEING.
 15955 | D:4      | 15955 ||| FLEEEEING.
 15975 | D:4      | 15975 ||| FLEEEEING.
 15995 | D:4      | 15995 ||| FLEEEEING.
 16015 | D:4      | 16015 ||| FLEEEEING.
 16035 | D:4      | 16035 ||| FLEEEEING.
 16055 | D:4      | 16055 ||| FLEEEEING.
 16075 | D:4      | 16075 ||| FLEEEEING.
 16096 | D:4      | 16096 ||| FLEEEEING.
 16097 | D:4      | 16097 ||| FLEEEEING.
 16117 | D:4      | 16117 ||| FLEEEEING.
 16137 | D:4      | 16137 ||| FLEEEEING.
 16157 | D:4      | 16157 ||| FLEEEEING.
 16177 | D:4      | 16177 ||| FLEEEEING.
 16197 | D:4      | 16197 ||| FLEEEEING.
 16218 | D:4      | 16218 ||| FLEEEEING.
 16219 | D:4      | 16219 ||| FLEEEEING.
 16239 | D:4      | 16239 ||| FLEEEEING.
 16259 | D:4      | 16259 ||| FLEEEEING.
 16279 | D:4      | 16279 ||| FLEEEEING.
 16299 | D:4      | 16299 ||| FLEEEEING.
 16319 | D:4      | 16319 ||| FLEEEEING.
 16339 | D:4      | 16339 ||| FLEEEEING.
 16359 | D:4      | 16359 ||| FLEEEEING.
 16379 | D:4      | 16379 ||| FLEEEEING.
 16401 | D:4      | 16401 ||| FLEEEEING.
 16402 | D:4      | 16402 ||| FLEEEEING.
 16403 | D:4      | 16403 ||| FLEEEEING.
 16423 | D:4      | 16423 ||| FLEEEEING.
 16443 | D:4      | 16443 ||| FLEEEEING.
 16464 | D:4      | 16464 ||| FLEEEEING.
 16465 | D:4      | 16465 ||| FLEEEEING.
 16485 | D:4      | 16485 ||| FLEEEEING.
 16505 | D:4      | 16505 ||| FLEEEEING.
 16525 | D:4      | 16525 ||| FLEEEEING.
 16545 | D:4      | 16545 ||| FLEEEEING.
 16565 | D:4      | 16565 ||| FLEEEEING.
 16585 | D:4      | 16585 ||| FLEEEEING.
 16607 | D:4      | 16607 ||| FLEEEEING.
 16608 | D:4      | 16608 ||| FLEEEEING.
 16609 | D:4      | 16609 ||| FLEEEEING.
 16630 | D:4      | 16630 ||| FLEEEEING.
 16631 | D:4      | 16631 ||| FLEEEEING.
 16651 | D:4      | 16651 ||| FLEEEEING.
 16671 | D:4      | 16671 ||| FLEEEEING.
 16692 | D:4      | 16692 ||| FLEEEEING.
 16693 | D:4      | 16693 ||| FLEEEEING.
 16713 | D:4      | 16713 ||| FLEEEEING.
 16733 | D:4      | 16733 ||| FLEEEEING.
 16753 | D:4      | 16753 ||| FLEEEEING.
 16773 | D:4      | 16773 ||| FLEEEEING.
 16793 | D:4      | 16793 ||| FLEEEEING.
 16815 | D:4      | 16815 ||| FLEEEEING.
 16816 | D:4      | 16816 ||| FLEEEEING.
 16817 | D:4      | 16817 ||| FLEEEEING.
 16837 | D:4      | 16837 ||| FLEEEEING.
 16857 | D:4      | 16857 ||| FLEEEEING.
 16878 | D:4      | 16878 ||| FLEEEEING.
 16879 | D:4      | 16879 ||| FLEEEEING.
 16899 | D:4      | 16899 ||| FLEEEEING.
 16919 | D:4      | 16919 ||| FLEEEEING.
 16939 | D:4      | 16939 ||| FLEEEEING.
 16959 | D:4      | 16959 ||| FLEEEEING.
 16979 | D:4      | 16979 ||| FLEEEEING.
 16999 | D:4      | 16999 ||| FLEEEEING.
 17019 | D:4      | 17019 ||| FLEEEEING.
 17039 | D:4      | 17039 ||| FLEEEEING.
 17059 | D:4      | 17059 ||| FLEEEEING.
 17079 | D:4      | 17079 ||| FLEEEEING.
 17099 | D:4      | 17099 ||| FLEEEEING.
 17119 | D:4      | 17119 ||| FLEEEEING.
 17139 | D:4      | 17139 ||| FLEEEEING.
 17160 | D:4      | 17160 ||| FLEEEEING.
 17161 | D:4      | 17161 ||| FLEEEEING.
 17182 | D:4      | 17182 ||| FLEEEEING.
 17183 | D:4      | 17183 ||| FLEEEEING.
 17203 | D:4      | 17203 ||| FLEEEEING.
 17223 | D:4      | 17223 ||| FLEEEEING.
 17243 | D:4      | 17243 ||| FLEEEEING.
 17263 | D:4      | 17263 ||| FLEEEEING.
 17283 | D:4      | 17283 ||| FLEEEEING.
 17303 | D:4      | 17303 ||| FLEEEEING.
 17323 | D:4      | 17323 ||| FLEEEEING.
 17343 | D:4      | 17343 ||| FLEEEEING.
 17363 | D:4      | 17363 ||| FLEEEEING.
 17383 | D:4      | 17383 ||| FLEEEEING.
 17403 | D:4      | 17403 ||| FLEEEEING.
 17423 | D:4      | 17423 ||| FLEEEEING.
 17443 | D:4      | 17443 ||| FLEEEEING.
 17464 | D:4      | 17464 ||| FLEEEEING.
 17465 | D:4      | 17465 ||| FLEEEEING.
 17485 | D:4      | 17485 ||| FLEEEEING.
 17505 | D:4      | 17505 ||| FLEEEEING.
 17528 | D:4      | 17528 ||| FLEEEEING.
 17529 | D:4      | 17529 ||| FLEEEEING.
 17530 | D:4      | 17530 ||| FLEEEEING.
 17531 | D:4      | 17531 ||| FLEEEEING.
 17551 | D:4      | 17551 ||| FLEEEEING.
 17572 | D:4      | 17572 ||| FLEEEEING.
 17573 | D:4      | 17573 ||| FLEEEEING.
 17593 | D:4      | 17593 ||| FLEEEEING.
 17613 | D:4      | 17613 ||| FLEEEEING.
 17633 | D:4      | 17633 ||| FLEEEEING.
 17653 | D:4      | 17653 ||| FLEEEEING.
 17676 | D:4      | 17676 ||| FLEEEEING.
 17677 | D:4      | 17677 ||| FLEEEEING.
 17678 | D:4      | 17678 ||| FLEEEEING.
 17679 | D:4      | 17679 ||| FLEEEEING.
 17700 | D:4      | 17700 ||| FLEEEEING.
 17701 | D:4      | 17701 ||| FLEEEEING.
 17722 | D:4      | 17722 ||| FLEEEEING.
 17723 | D:4      | 17723 ||| FLEEEEING.
 17743 | D:4      | 17743 ||| FLEEEEING.
 17763 | D:4      | 17763 ||| FLEEEEING.
 17784 | D:4      | 17784 ||| FLEEEEING.
 17785 | D:4      | 17785 ||| FLEEEEING.
 17805 | D:4      | 17805 ||| FLEEEEING.
 17825 | D:4      | 17825 ||| FLEEEEING.
 17845 | D:4      | 17845 ||| FLEEEEING.
 17866 | D:4      | 17866 ||| FLEEEEING.
 17867 | D:4      | 17867 ||| FLEEEEING.
 17887 | D:4      | 17887 ||| FLEEEEING.
 17907 | D:4      | 17907 ||| FLEEEEING.
 17927 | D:4      | 17927 ||| FLEEEEING.
 17948 | D:4      | 17948 ||| FLEEEEING.
 17949 | D:4      | 17949 ||| FLEEEEING.
 17969 | D:4      | 17969 ||| FLEEEEING.
 17989 | D:4      | 17989 ||| FLEEEEING.
 18009 | D:4      | 18009 ||| FLEEEEING.
 18029 | D:4      | 18029 ||| FLEEEEING.
 18049 | D:4      | 18049 ||| FLEEEEING.
 18069 | D:4      | 18069 ||| FLEEEEING.
 18089 | D:4      | 18089 ||| FLEEEEING.
 18109 | D:4      | 18109 ||| FLEEEEING.
 18129 | D:4      | 18129 ||| FLEEEEING.
 18150 | D:4      | 18150 ||| FLEEEEING.
 18151 | D:4      | 18151 ||| FLEEEEING.
 18171 | D:4      | 18171 ||| FLEEEEING.
 18191 | D:4      | 18191 ||| FLEEEEING.
 18213 | D:4      | 18213 ||| FLEEEEING.
 18214 | D:4      | 18214 ||| FLEEEEING.
 18215 | D:4      | 18215 ||| FLEEEEING.
 18235 | D:4      | 18235 ||| FLEEEEING.
 18255 | D:4      | 18255 ||| FLEEEEING.
 18278 | D:4      | 18278 ||| FLEEEEING.
 18279 | D:4      | 18279 ||| FLEEEEING.
 18280 | D:4      | 18280 ||| FLEEEEING.
 18281 | D:4      | 18281 ||| FLEEEEING.
 18302 | D:4      | 18302 ||| FLEEEEING.
 18303 | D:4      | 18303 ||| FLEEEEING.
 18323 | D:4      | 18323 ||| FLEEEEING.
 18343 | D:4      | 18343 ||| FLEEEEING.
 18363 | D:4      | 18363 ||| FLEEEEING.
 18383 | D:4      | 18383 ||| FLEEEEING.
 18405 | D:4      | 18405 ||| FLEEEEING.
 18406 | D:4      | 18406 ||| FLEEEEING.
 18407 | D:4      | 18407 ||| FLEEEEING.
 18427 | D:4      | 18427 ||| FLEEEEING.
 18447 | D:4      | 18447 ||| FLEEEEING.
 18467 | D:4      | 18467 ||| FLEEEEING.
 18487 | D:4      | 18487 ||| FLEEEEING.
 18507 | D:4      | 18507 ||| FLEEEEING.
 18527 | D:4      | 18527 ||| FLEEEEING.
 18547 | D:4      | 18547 ||| FLEEEEING.
 18567 | D:4      | 18567 ||| FLEEEEING.
 18588 | D:4      | 18588 ||| FLEEEEING.
 18589 | D:4      | 18589 ||| FLEEEEING.
 18609 | D:4      | 18609 ||| FLEEEEING.
 18629 | D:4      | 18629 ||| FLEEEEING.
 18649 | D:4      | 18649 ||| FLEEEEING.
 18669 | D:4      | 18669 ||| FLEEEEING.
 18689 | D:4      | 18689 ||| FLEEEEING.
 18709 | D:4      | 18709 ||| FLEEEEING.
 18730 | D:4      | 18730 ||| FLEEEEING.
 18731 | D:4      | 18731 ||| FLEEEEING.
 18751 | D:4      | 18751 ||| FLEEEEING.
 18772 | D:4      | 18772 ||| FLEEEEING.
 18773 | D:4      | 18773 ||| FLEEEEING.
 18793 | D:4      | 18793 ||| FLEEEEING.
 18814 | D:4      | 18814 ||| FLEEEEING.
 18815 | D:4      | 18815 ||| FLEEEEING.
 18835 | D:4      | 18835 ||| FLEEEEING.
 18855 | D:4      | 18855 ||| FLEEEEING.
 18875 | D:4      | 18875 ||| FLEEEEING.
 18895 | D:4      | 18895 ||| FLEEEEING.
 18915 | D:4      | 18915 ||| FLEEEEING.
 18936 | D:4      | 18936 ||| FLEEEEING.
 18937 | D:4      | 18937 ||| FLEEEEING.
 18957 | D:4      | 18957 ||| FLEEEEING.
 18977 | D:4      | 18977 ||| FLEEEEING.
 18997 | D:4      | 18997 ||| FLEEEEING.
 19017 | D:4      | 19017 ||| FLEEEEING.
 19037 | D:4      | 19037 ||| FLEEEEING.
 19057 | D:4      | 19057 ||| FLEEEEING.
 19077 | D:4      | 19077 ||| FLEEEEING.
 19098 | D:4      | 19098 ||| FLEEEEING.
 19099 | D:4      | 19099 ||| FLEEEEING.
 19120 | D:4      | 19120 ||| FLEEEEING.
 19121 | D:4      | 19121 ||| FLEEEEING.
 19141 | D:4      | 19141 ||| FLEEEEING.
 19161 | D:4      | 19161 ||| FLEEEEING.
 19181 | D:4      | 19181 ||| FLEEEEING.
 19201 | D:4      | 19201 ||| FLEEEEING.
 19222 | D:4      | 19222 ||| FLEEEEING.
 19223 | D:4      | 19223 ||| FLEEEEING.
 19243 | D:4      | 19243 ||| FLEEEEING.
 19264 | D:4      | 19264 ||| FLEEEEING.
 19265 | D:4      | 19265 ||| FLEEEEING.
 19285 | D:4      | 19285 ||| FLEEEEING.
 19305 | D:4      | 19305 ||| FLEEEEING.
 19325 | D:4      | 19325 ||| FLEEEEING.
 19345 | D:4      | 19345 ||| FLEEEEING.
 19365 | D:4      | 19365 ||| FLEEEEING.
 19385 | D:4      | 19385 ||| FLEEEEING.
 19405 | D:4      | 19405 ||| FLEEEEING.
 19425 | D:4      | 19425 ||| FLEEEEING.
 19445 | D:4      | 19445 ||| FLEEEEING.
 19467 | D:4      | 19467 ||| FLEEEEING.
 19468 | D:4      | 19468 ||| FLEEEEING.
 19469 | D:4      | 19469 ||| FLEEEEING.
 19489 | D:4      | 19489 ||| FLEEEEING.
 19509 | D:4      | 19509 ||| FLEEEEING.
 19529 | D:4      | 19529 ||| FLEEEEING.
 19549 | D:4      | 19549 ||| FLEEEEING.
 19569 | D:4      | 19569 ||| FLEEEEING.
 19589 | D:4      | 19589 ||| FLEEEEING.
 19609 | D:4      | 19609 ||| FLEEEEING.
 19629 | D:4      | 19629 ||| FLEEEEING.
 19650 | D:4      | 19650 ||| FLEEEEING.
 19651 | D:4      | 19651 ||| FLEEEEING.
 19672 | D:4      | 19672 ||| FLEEEEING.
 19673 | D:4      | 19673 ||| FLEEEEING.
 19694 | D:4      | 19694 ||| FLEEEEING.
 19695 | D:4      | 19695 ||| FLEEEEING.
 19715 | D:4      | 19715 ||| FLEEEEING.
 19735 | D:4      | 19735 ||| FLEEEEING.
 19755 | D:4      | 19755 ||| FLEEEEING.
 19775 | D:4      | 19775 ||| FLEEEEING.
 19795 | D:4      | 19795 ||| FLEEEEING.
 19815 | D:4      | 19815 ||| FLEEEEING.
 19835 | D:4      | 19835 ||| FLEEEEING.
 19855 | D:4      | 19855 ||| FLEEEEING.
 19875 | D:4      | 19875 ||| FLEEEEING.
 19895 | D:4      | 19895 ||| FLEEEEING.
 19915 | D:4      | 19915 ||| FLEEEEING.
 19937 | D:4      | 19937 ||| FLEEEEING.
 19938 | D:4      | 19938 ||| FLEEEEING.
 19939 | D:4      | 19939 ||| FLEEEEING.
 19959 | D:4      | 19959 ||| FLEEEEING.
 19979 | D:4      | 19979 ||| FLEEEEING.
 19999 | D:4      | 19999 ||| FLEEEEING.
 20019 | D:4      | 20019 ||| FLEEEEING.
 20039 | D:4      | 20039 ||| FLEEEEING.
 20060 | D:4      | 20060 ||| FLEEEEING.
 20061 | D:4      | 20061 ||| FLEEEEING.
 20081 | D:4      | 20081 ||| FLEEEEING.
 20101 | D:4      | 20101 ||| FLEEEEING.
 20121 | D:4      | 20121 ||| FLEEEEING.
 20141 | D:4      | 20141 ||| FLEEEEING.
 20161 | D:4      | 20161 ||| FLEEEEING.
 20181 | D:4      | 20181 ||| FLEEEEING.
 20201 | D:4      | 20201 ||| FLEEEEING.
 20221 | D:4      | 20221 ||| FLEEEEING.
 20241 | D:4      | 20241 ||| FLEEEEING.
 20261 | D:4      | 20261 ||| FLEEEEING.
 20281 | D:4      | 20281 ||| FLEEEEING.
 20301 | D:4      | 20301 ||| FLEEEEING.
 20321 | D:4      | 20321 ||| FLEEEEING.
 20341 | D:4      | 20341 ||| FLEEEEING.
 20362 | D:4      | 20362 ||| FLEEEEING.
 20363 | D:4      | 20363 ||| FLEEEEING.
 20383 | D:4      | 20383 ||| FLEEEEING.
 20403 | D:4      | 20403 ||| FLEEEEING.
 20423 | D:4      | 20423 ||| FLEEEEING.
 20444 | D:4      | 20444 ||| FLEEEEING.
 20445 | D:4      | 20445 ||| FLEEEEING.
 20465 | D:4      | 20465 ||| FLEEEEING.
 20485 | D:4      | 20485 ||| FLEEEEING.
 20505 | D:4      | 20505 ||| FLEEEEING.
 20526 | D:4      | 20526 ||| FLEEEEING.
 20527 | D:4      | 20527 ||| FLEEEEING.
 20548 | D:4      | 20548 ||| FLEEEEING.
 20549 | D:4      | 20549 ||| FLEEEEING.
 20569 | D:4      | 20569 ||| FLEEEEING.
 20590 | D:4      | 20590 ||| FLEEEEING.
 20591 | D:4      | 20591 ||| FLEEEEING.
 20611 | D:4      | 20611 ||| FLEEEEING.
 20631 | D:4      | 20631 ||| FLEEEEING.
 20652 | D:4      | 20652 ||| FLEEEEING.
 20653 | D:4      | 20653 ||| FLEEEEING.
 20673 | D:4      | 20673 ||| FLEEEEING.
 20693 | D:4      | 20693 ||| FLEEEEING.
 20713 | D:4      | 20713 ||| FLEEEEING.
 20734 | D:4      | 20734 ||| FLEEEEING.
 20735 | D:4      | 20735 ||| FLEEEEING.
 20756 | D:4      | 20756 ||| FLEEEEING.
 20757 | D:4      | 20757 ||| FLEEEEING.
 20777 | D:4      | 20777 ||| FLEEEEING.
 20797 | D:4      | 20797 ||| FLEEEEING.
 20818 | D:4      | 20818 ||| FLEEEEING.
 20819 | D:4      | 20819 ||| FLEEEEING.
 20840 | D:4      | 20840 ||| FLEEEEING.
 20841 | D:4      | 20841 ||| FLEEEEING.
 20861 | D:4      | 20861 ||| FLEEEEING.
 20881 | D:4      | 20881 ||| FLEEEEING.
 20901 | D:4      | 20901 ||| FLEEEEING.
 20921 | D:4      | 20921 ||| FLEEEEING.
 20941 | D:4      | 20941 ||| FLEEEEING.
 20961 | D:4      | 20961 ||| FLEEEEING.
 20982 | D:4      | 20982 ||| FLEEEEING.
 20983 | D:4      | 20983 ||| FLEEEEING.
 21004 | D:4      | 21004 ||| FLEEEEING.
 21005 | D:4      | 21005 ||| FLEEEEING.
 21025 | D:4      | 21025 ||| FLEEEEING.
 21045 | D:4      | 21045 ||| FLEEEEING.
 21065 | D:4      | 21065 ||| FLEEEEING.
 21086 | D:4      | 21086 ||| FLEEEEING.
 21087 | D:4      | 21087 ||| FLEEEEING.
 21107 | D:4      | 21107 ||| FLEEEEING.
 21127 | D:4      | 21127 ||| FLEEEEING.
 21147 | D:4      | 21147 ||| FLEEEEING.
 21168 | D:4      | 21168 ||| FLEEEEING.
 21169 | D:4      | 21169 ||| FLEEEEING.
 21189 | D:4      | 21189 ||| FLEEEEING.
 21209 | D:4      | 21209 ||| FLEEEEING.
 21229 | D:4      | 21229 ||| FLEEEEING.
 21249 | D:4      | 21249 ||| FLEEEEING.
 21269 | D:4      | 21269 ||| FLEEEEING.
 21289 | D:4      | 21289 ||| FLEEEEING.
 21309 | D:4      | 21309 ||| FLEEEEING.
 21329 | D:4      | 21329 ||| FLEEEEING.
 21349 | D:4      | 21349 ||| FLEEEEING.
 21369 | D:4      | 21369 ||| FLEEEEING.
 21389 | D:4      | 21389 ||| FLEEEEING.
 21409 | D:4      | 21409 ||| FLEEEEING.
 21429 | D:4      | 21429 ||| FLEEEEING.
 21449 | D:4      | 21449 ||| FLEEEEING.
 21470 | D:4      | 21470 ||| FLEEEEING.
 21471 | D:4      | 21471 ||| FLEEEEING.
 21491 | D:4      | 21491 ||| FLEEEEING.
 21511 | D:4      | 21511 ||| FLEEEEING.
 21531 | D:4      | 21531 ||| FLEEEEING.
 21552 | D:4      | 21552 ||| FLEEEEING.
 21553 | D:4      | 21553 ||| FLEEEEING.
 21573 | D:4      | 21573 ||| FLEEEEING.
 21593 | D:4      | 21593 ||| FLEEEEING.
 21613 | D:4      | 21613 ||| FLEEEEING.
 21634 | D:4      | 21634 ||| FLEEEEING.
 21635 | D:4      | 21635 ||| FLEEEEING.
 21655 | D:4      | 21655 ||| FLEEEEING.
 21675 | D:4      | 21675 ||| FLEEEEING.
 21697 | D:4      | 21697 ||| FLEEEEING.
 21698 | D:4      | 21698 ||| FLEEEEING.
 21699 | D:4      | 21699 ||| FLEEEEING.
 21719 | D:4      | 21719 ||| FLEEEEING.
 21739 | D:4      | 21739 ||| FLEEEEING.
 21761 | D:4      | 21761 ||| FLEEEEING.
 21762 | D:4      | 21762 ||| FLEEEEING.
 21763 | D:4      | 21763 ||| FLEEEEING.
 21784 | D:4      | 21784 ||| FLEEEEING.
 21785 | D:4      | 21785 ||| FLEEEEING.
 21805 | D:4      | 21805 ||| FLEEEEING.
 21825 | D:4      | 21825 ||| FLEEEEING.
 21846 | D:4      | 21846 ||| FLEEEEING.
 21847 | D:4      | 21847 ||| FLEEEEING.
 21867 | D:4      | 21867 ||| FLEEEEING.
 21887 | D:4      | 21887 ||| FLEEEEING.
 21907 | D:4      | 21907 ||| FLEEEEING.
 21927 | D:4      | 21927 ||| FLEEEEING.
 21947 | D:4      | 21947 ||| FLEEEEING.
 21967 | D:4      | 21967 ||| FLEEEEING.
 21987 | D:4      | 21987 ||| FLEEEEING.
 22007 | D:4      | 22007 ||| FLEEEEING.
 22027 | D:4      | 22027 ||| FLEEEEING.
 22047 | D:4      | 22047 ||| FLEEEEING.
 22067 | D:4      | 22067 ||| FLEEEEING.
 22087 | D:4      | 22087 ||| FLEEEEING.
 22107 | D:4      | 22107 ||| FLEEEEING.
 22127 | D:4      | 22127 ||| FLEEEEING.
 22147 | D:4      | 22147 ||| FLEEEEING.
 22167 | D:4      | 22167 ||| FLEEEEING.
 22187 | D:4      | 22187 ||| FLEEEEING.
 22207 | D:4      | 22207 ||| FLEEEEING.
 22227 | D:4      | 22227 ||| FLEEEEING.
 22247 | D:4      | 22247 ||| FLEEEEING.
 22267 | D:4      | 22267 ||| FLEEEEING.
 22287 | D:4      | 22287 ||| FLEEEEING.
 22307 | D:4      | 22307 ||| FLEEEEING.
 22327 | D:4      | 22327 ||| FLEEEEING.
 22347 | D:4      | 22347 ||| FLEEEEING.
 22367 | D:4      | 22367 ||| FLEEEEING.
 22388 | D:4      | 22388 ||| FLEEEEING.
 22389 | D:4      | 22389 ||| FLEEEEING.
 22409 | D:4      | 22409 ||| FLEEEEING.
 22431 | D:4      | 22431 ||| FLEEEEING.
 22432 | D:4      | 22432 ||| FLEEEEING.
 22433 | D:4      | 22433 ||| FLEEEEING.
 22453 | D:4      | 22453 ||| FLEEEEING.
 22475 | D:4      | 22475 ||| FLEEEEING.
 22476 | D:4      | 22476 ||| FLEEEEING.
 22477 | D:4      | 22477 ||| FLEEEEING.
 22497 | D:4      | 22497 ||| FLEEEEING.
 22518 | D:4      | 22518 ||| FLEEEEING.
 22519 | D:4      | 22519 ||| FLEEEEING.
 22539 | D:4      | 22539 ||| FLEEEEING.
 22559 | D:4      | 22559 ||| FLEEEEING.
 22579 | D:4      | 22579 ||| FLEEEEING.
 22599 | D:4      | 22599 ||| FLEEEEING.
 22619 | D:4      | 22619 ||| FLEEEEING.
 22639 | D:4      | 22639 ||| FLEEEEING.
 22659 | D:4      | 22659 ||| FLEEEEING.
 22679 | D:4      | 22679 ||| FLEEEEING.
 22699 | D:4      | 22699 ||| FLEEEEING.
 22719 | D:4      | 22719 ||| FLEEEEING.
 22739 | D:4      | 22739 ||| FLEEEEING.
 22759 | D:4      | 22759 ||| FLEEEEING.
 22780 | D:4      | 22780 ||| FLEEEEING.
 22781 | D:4      | 22781 ||| FLEEEEING.
 22801 | D:4      | 22801 ||| FLEEEEING.
 22821 | D:4      | 22821 ||| FLEEEEING.
 22841 | D:4      | 22841 ||| FLEEEEING.
 22862 | D:4      | 22862 ||| FLEEEEING.
 22863 | D:4      | 22863 ||| FLEEEEING.
 22883 | D:4      | 22883 ||| FLEEEEING.
 22903 | D:4      | 22903 ||| FLEEEEING.
 22910 | D:4      | Glimpsed the power of Zot.
 22923 | D:4      | 22923 ||| FLEEEEING.
 22943 | D:4      | 22943 ||| FLEEEEING.
 22963 | D:4      | 22963 ||| FLEEEEING.
 22983 | D:4      | 22983 ||| FLEEEEING.
 23003 | D:4      | 23003 ||| FLEEEEING.
 23024 | D:4      | 23024 ||| FLEEEEING.
 23025 | D:4      | 23025 ||| FLEEEEING.
 23046 | D:4      | 23046 ||| FLEEEEING.
 23047 | D:4      | 23047 ||| FLEEEEING.
 23067 | D:4      | 23067 ||| FLEEEEING.
 23087 | D:4      | 23087 ||| FLEEEEING.
 23107 | D:4      | 23107 ||| FLEEEEING.
 23127 | D:4      | 23127 ||| FLEEEEING.
 23147 | D:4      | 23147 ||| FLEEEEING.
 23167 | D:4      | 23167 ||| FLEEEEING.
 23188 | D:4      | 23188 ||| FLEEEEING.
 23189 | D:4      | 23189 ||| FLEEEEING.
 23209 | D:4      | 23209 ||| FLEEEEING.
 23229 | D:4      | 23229 ||| FLEEEEING.
 23250 | D:4      | 23250 ||| FLEEEEING.
 23251 | D:4      | 23251 ||| FLEEEEING.
 23272 | D:4      | 23272 ||| FLEEEEING.
 23273 | D:4      | 23273 ||| FLEEEEING.
 23293 | D:4      | 23293 ||| FLEEEEING.
 23313 | D:4      | 23313 ||| FLEEEEING.
 23333 | D:4      | 23333 ||| FLEEEEING.
 23353 | D:4      | 23353 ||| FLEEEEING.
 23374 | D:4      | 23374 ||| FLEEEEING.
 23375 | D:4      | 23375 ||| FLEEEEING.
 23395 | D:4      | 23395 ||| FLEEEEING.
 23410 | D:4      | Glimpsed the power of Zot.
 23416 | D:4      | 23416 ||| FLEEEEING.
 23417 | D:4      | 23417 ||| FLEEEEING.
 23440 | D:4      | 23440 ||| FLEEEEING.
 23441 | D:4      | 23441 ||| FLEEEEING.
 23442 | D:4      | 23442 ||| FLEEEEING.
 23443 | D:4      | 23443 ||| FLEEEEING.
 23464 | D:4      | 23464 ||| FLEEEEING.
 23465 | D:4      | 23465 ||| FLEEEEING.
 23485 | D:4      | 23485 ||| FLEEEEING.
 23508 | D:4      | 23508 ||| FLEEEEING.
 23509 | D:4      | 23509 ||| FLEEEEING.
 23510 | D:4      | 23510 ||| FLEEEEING.
 23511 | D:4      | 23511 ||| FLEEEEING.
 23531 | D:4      | 23531 ||| FLEEEEING.
 23551 | D:4      | 23551 ||| FLEEEEING.
 23571 | D:4      | 23571 ||| FLEEEEING.
 23593 | D:4      | 23593 ||| FLEEEEING.
 23594 | D:4      | 23594 ||| FLEEEEING.
 23595 | D:4      | 23595 ||| FLEEEEING.
 23615 | D:4      | 23615 ||| FLEEEEING.
 23635 | D:4      | 23635 ||| FLEEEEING.
 23655 | D:4      | 23655 ||| FLEEEEING.
 23675 | D:4      | 23675 ||| FLEEEEING.
 23696 | D:4      | 23696 ||| FLEEEEING.
 23697 | D:4      | 23697 ||| FLEEEEING.
 23717 | D:4      | 23717 ||| FLEEEEING.
 23737 | D:4      | 23737 ||| FLEEEEING.
 23757 | D:4      | 23757 ||| FLEEEEING.
 23777 | D:4      | 23777 ||| FLEEEEING.
 23797 | D:4      | 23797 ||| FLEEEEING.
 23810 | D:4      | Glimpsed the power of Zot.
 23817 | D:4      | 23817 ||| FLEEEEING.
 23837 | D:4      | 23837 ||| FLEEEEING.
 23857 | D:4      | 23857 ||| FLEEEEING.
 23879 | D:4      | 23879 ||| FLEEEEING.
 23880 | D:4      | 23880 ||| FLEEEEING.
 23881 | D:4      | 23881 ||| FLEEEEING.
 23903 | D:4      | 23903 ||| FLEEEEING.
 23904 | D:4      | 23904 ||| FLEEEEING.
 23905 | D:4      | 23905 ||| FLEEEEING.
 23909 | D:4      | Touched by the power of Zot.
 23910 | D:4      | Glimpsed the power of Zot.
 23927 | D:4      | 23927 ||| FLEEEEING.
 23928 | D:4      | 23928 ||| FLEEEEING.
 23929 | D:4      | 23929 ||| FLEEEEING.
 23949 | D:4      | 23949 ||| FLEEEEING.
 23969 | D:4      | 23969 ||| FLEEEEING.
 23989 | D:4      | 23989 ||| FLEEEEING.
 24010 | D:4      | 24010 ||| FLEEEEING.
 24011 | D:4      | 24011 ||| FLEEEEING.
 24031 | D:4      | 24031 ||| FLEEEEING.
 24051 | D:4      | 24051 ||| FLEEEEING.
 24071 | D:4      | 24071 ||| FLEEEEING.
 24092 | D:4      | 24092 ||| FLEEEEING.
 24093 | D:4      | 24093 ||| FLEEEEING.
 24113 | D:4      | 24113 ||| FLEEEEING.
 24133 | D:4      | 24133 ||| FLEEEEING.
 24153 | D:4      | 24153 ||| FLEEEEING.
 24173 | D:4      | 24173 ||| FLEEEEING.
 24193 | D:4      | 24193 ||| FLEEEEING.
 24213 | D:4      | 24213 ||| FLEEEEING.
 24233 | D:4      | 24233 ||| FLEEEEING.
 24254 | D:4      | 24254 ||| FLEEEEING.
 24255 | D:4      | 24255 ||| FLEEEEING.
 24275 | D:4      | 24275 ||| FLEEEEING.
 24295 | D:4      | 24295 ||| FLEEEEING.
 24316 | D:4      | 24316 ||| FLEEEEING.
 24317 | D:4      | 24317 ||| FLEEEEING.
 24337 | D:4      | 24337 ||| FLEEEEING.
 24357 | D:4      | 24357 ||| FLEEEEING.
 24377 | D:4      | 24377 ||| FLEEEEING.
 24397 | D:4      | 24397 ||| FLEEEEING.
 24410 | D:4      | Glimpsed the power of Zot.
 24417 | D:4      | 24417 ||| FLEEEEING.
 24439 | D:4      | 24439 ||| FLEEEEING.
 24440 | D:4      | 24440 ||| FLEEEEING.
 24441 | D:4      | 24441 ||| FLEEEEING.
 24461 | D:4      | 24461 ||| FLEEEEING.
 24482 | D:4      | 24482 ||| FLEEEEING.
 24483 | D:4      | 24483 ||| FLEEEEING.
 24504 | D:4      | 24504 ||| FLEEEEING.
 24505 | D:4      | 24505 ||| FLEEEEING.
 24525 | D:4      | 24525 ||| FLEEEEING.
 24545 | D:4      | 24545 ||| FLEEEEING.
 24565 | D:4      | 24565 ||| FLEEEEING.
 24585 | D:4      | 24585 ||| FLEEEEING.
 24606 | D:4      | 24606 ||| FLEEEEING.
 24607 | D:4      | 24607 ||| FLEEEEING.
 24627 | D:4      | 24627 ||| FLEEEEING.
 24647 | D:4      | 24647 ||| FLEEEEING.
 24667 | D:4      | 24667 ||| FLEEEEING.
 24687 | D:4      | 24687 ||| FLEEEEING.
 24707 | D:4      | 24707 ||| FLEEEEING.
 24727 | D:4      | 24727 ||| FLEEEEING.
 24748 | D:4      | 24748 ||| FLEEEEING.
 24749 | D:4      | 24749 ||| FLEEEEING.
 24770 | D:4      | 24770 ||| FLEEEEING.
 24771 | D:4      | 24771 ||| FLEEEEING.
 24791 | D:4      | 24791 ||| FLEEEEING.
 24810 | D:4      | Glimpsed the power of Zot.
 24811 | D:4      | 24811 ||| FLEEEEING.
 24831 | D:4      | 24831 ||| FLEEEEING.
 24851 | D:4      | 24851 ||| FLEEEEING.
 24872 | D:4      | 24872 ||| FLEEEEING.
 24873 | D:4      | 24873 ||| FLEEEEING.
 24893 | D:4      | 24893 ||| FLEEEEING.
 24909 | D:4      | Touched by the power of Zot.
 24910 | D:4      | Glimpsed the power of Zot.
 24914 | D:4      | 24914 ||| FLEEEEING.
 24915 | D:4      | 24915 ||| FLEEEEING.
 24935 | D:4      | 24935 ||| FLEEEEING.
 24955 | D:4      | 24955 ||| FLEEEEING.
 24975 | D:4      | 24975 ||| FLEEEEING.
 24995 | D:4      | 24995 ||| FLEEEEING.
 25015 | D:4      | 25015 ||| FLEEEEING.
 25035 | D:4      | 25035 ||| FLEEEEING.
 25055 | D:4      | 25055 ||| FLEEEEING.
 25075 | D:4      | 25075 ||| FLEEEEING.
 25095 | D:4      | 25095 ||| FLEEEEING.
 25115 | D:4      | 25115 ||| FLEEEEING.
 25135 | D:4      | 25135 ||| FLEEEEING.
 25156 | D:4      | 25156 ||| FLEEEEING.
 25157 | D:4      | 25157 ||| FLEEEEING.
 25180 | D:4      | 25180 ||| FLEEEEING.
 25181 | D:4      | 25181 ||| FLEEEEING.
 25182 | D:4      | 25182 ||| FLEEEEING.
 25183 | D:4      | 25183 ||| FLEEEEING.
 25203 | D:4      | 25203 ||| FLEEEEING.
 25223 | D:4      | 25223 ||| FLEEEEING.
 25244 | D:4      | 25244 ||| FLEEEEING.
 25245 | D:4      | 25245 ||| FLEEEEING.
 25265 | D:4      | 25265 ||| FLEEEEING.
 25286 | D:4      | 25286 ||| FLEEEEING.
 25287 | D:4      | 25287 ||| FLEEEEING.
 25307 | D:4      | 25307 ||| FLEEEEING.
 25327 | D:4      | 25327 ||| FLEEEEING.
 25347 | D:4      | 25347 ||| FLEEEEING.
 25367 | D:4      | 25367 ||| FLEEEEING.
 25388 | D:4      | 25388 ||| FLEEEEING.
 25389 | D:4      | 25389 ||| FLEEEEING.
 25409 | D:4      | 25409 ||| FLEEEEING.
 25410 | D:4      | Glimpsed the power of Zot.
 25429 | D:4      | 25429 ||| FLEEEEING.
 25449 | D:4      | 25449 ||| FLEEEEING.
 25470 | D:4      | 25470 ||| FLEEEEING.
 25471 | D:4      | 25471 ||| FLEEEEING.
 25492 | D:4      | 25492 ||| FLEEEEING.
 25493 | D:4      | 25493 ||| FLEEEEING.
 25513 | D:4      | 25513 ||| FLEEEEING.
 25533 | D:4      | 25533 ||| FLEEEEING.
 25553 | D:4      | 25553 ||| FLEEEEING.
 25574 | D:4      | 25574 ||| FLEEEEING.
 25575 | D:4      | 25575 ||| FLEEEEING.
 25595 | D:4      | 25595 ||| FLEEEEING.
 25617 | D:4      | 25617 ||| FLEEEEING.
 25618 | D:4      | 25618 ||| FLEEEEING.
 25619 | D:4      | 25619 ||| FLEEEEING.
 25640 | D:4      | 25640 ||| FLEEEEING.
 25641 | D:4      | 25641 ||| FLEEEEING.
 25662 | D:4      | 25662 ||| FLEEEEING.
 25663 | D:4      | 25663 ||| FLEEEEING.
 25683 | D:4      | 25683 ||| FLEEEEING.
 25703 | D:4      | 25703 ||| FLEEEEING.
 25723 | D:4      | 25723 ||| FLEEEEING.
 25743 | D:4      | 25743 ||| FLEEEEING.
 25764 | D:4      | 25764 ||| FLEEEEING.
 25765 | D:4      | 25765 ||| FLEEEEING.
 25785 | D:4      | 25785 ||| FLEEEEING.
 25805 | D:4      | 25805 ||| FLEEEEING.
 25810 | D:4      | Glimpsed the power of Zot.
 25825 | D:4      | 25825 ||| FLEEEEING.
 25845 | D:4      | 25845 ||| FLEEEEING.
 25865 | D:4      | 25865 ||| FLEEEEING.
 25885 | D:4      | 25885 ||| FLEEEEING.
 25906 | D:4      | 25906 ||| FLEEEEING.
 25907 | D:4      | 25907 ||| FLEEEEING.
 25909 | D:4      | Touched by the power of Zot.
 25910 | D:4      | Glimpsed the power of Zot.
 25928 | D:4      | 25928 ||| FLEEEEING.
 25929 | D:4      | 25929 ||| FLEEEEING.
 25949 | D:4      | 25949 ||| FLEEEEING.
 25969 | D:4      | 25969 ||| FLEEEEING.
 25989 | D:4      | 25989 ||| FLEEEEING.
 26009 | D:4      | 26009 ||| FLEEEEING.
 26029 | D:4      | 26029 ||| FLEEEEING.
 26049 | D:4      | 26049 ||| FLEEEEING.
 26071 | D:4      | 26071 ||| FLEEEEING.
 26072 | D:4      | 26072 ||| FLEEEEING.
 26073 | D:4      | 26073 ||| FLEEEEING.
 26093 | D:4      | 26093 ||| FLEEEEING.
 26115 | D:4      | 26115 ||| FLEEEEING.
 26116 | D:4      | 26116 ||| FLEEEEING.
 26117 | D:4      | 26117 ||| FLEEEEING.
 26137 | D:4      | 26137 ||| FLEEEEING.
 26157 | D:4      | 26157 ||| FLEEEEING.
 26177 | D:4      | 26177 ||| FLEEEEING.
 26197 | D:4      | 26197 ||| FLEEEEING.
 26217 | D:4      | 26217 ||| FLEEEEING.
 26237 | D:4      | 26237 ||| FLEEEEING.
 26257 | D:4      | 26257 ||| FLEEEEING.
 26278 | D:4      | 26278 ||| FLEEEEING.
 26279 | D:4      | 26279 ||| FLEEEEING.
 26299 | D:4      | 26299 ||| FLEEEEING.
 26319 | D:4      | 26319 ||| FLEEEEING.
 26339 | D:4      | 26339 ||| FLEEEEING.
 26360 | D:4      | 26360 ||| FLEEEEING.
 26361 | D:4      | 26361 ||| FLEEEEING.
 26381 | D:4      | 26381 ||| FLEEEEING.
 26401 | D:4      | 26401 ||| FLEEEEING.
 26410 | D:4      | Glimpsed the power of Zot.
 26421 | D:4      | 26421 ||| FLEEEEING.
 26442 | D:4      | 26442 ||| FLEEEEING.
 26443 | D:4      | 26443 ||| FLEEEEING.
 26463 | D:4      | 26463 ||| FLEEEEING.
 26483 | D:4      | 26483 ||| FLEEEEING.
 26503 | D:4      | 26503 ||| FLEEEEING.
 26523 | D:4      | 26523 ||| FLEEEEING.
 26543 | D:4      | 26543 ||| FLEEEEING.
 26563 | D:4      | 26563 ||| FLEEEEING.
 26583 | D:4      | 26583 ||| FLEEEEING.
 26603 | D:4      | 26603 ||| FLEEEEING.
 26623 | D:4      | 26623 ||| FLEEEEING.
 26643 | D:4      | 26643 ||| FLEEEEING.
 26663 | D:4      | 26663 ||| FLEEEEING.
 26683 | D:4      | 26683 ||| FLEEEEING.
 26703 | D:4      | 26703 ||| FLEEEEING.
 26723 | D:4      | 26723 ||| FLEEEEING.
 26743 | D:4      | 26743 ||| FLEEEEING.
 26763 | D:4      | 26763 ||| FLEEEEING.
 26784 | D:4      | 26784 ||| FLEEEEING.
 26785 | D:4      | 26785 ||| FLEEEEING.
 26805 | D:4      | 26805 ||| FLEEEEING.
 26810 | D:4      | Glimpsed the power of Zot.
 26825 | D:4      | 26825 ||| FLEEEEING.
 26845 | D:4      | 26845 ||| FLEEEEING.
 26867 | D:4      | 26867 ||| FLEEEEING.
 26868 | D:4      | 26868 ||| FLEEEEING.
 26869 | D:4      | 26869 ||| FLEEEEING.
 26890 | D:4      | 26890 ||| FLEEEEING.
 26891 | D:4      | 26891 ||| FLEEEEING.
 26909 | D:4      | Touched by the power of Zot.
 26910 | D:4      | Glimpsed the power of Zot.
 26911 | D:4      | 26911 ||| FLEEEEING.
 26931 | D:4      | 26931 ||| FLEEEEING.
 26951 | D:4      | 26951 ||| FLEEEEING.
 26971 | D:4      | 26971 ||| FLEEEEING.
 26991 | D:4      | 26991 ||| FLEEEEING.
 27011 | D:4      | 27011 ||| FLEEEEING.
 27031 | D:4      | 27031 ||| FLEEEEING.
 27051 | D:4      | 27051 ||| FLEEEEING.
 27072 | D:4      | 27072 ||| FLEEEEING.
 27073 | D:4      | 27073 ||| FLEEEEING.
 27093 | D:4      | 27093 ||| FLEEEEING.
 27114 | D:4      | 27114 ||| FLEEEEING.
 27115 | D:4      | 27115 ||| FLEEEEING.
 27135 | D:4      | 27135 ||| FLEEEEING.
 27155 | D:4      | 27155 ||| FLEEEEING.
 27176 | D:4      | 27176 ||| FLEEEEING.
 27177 | D:4      | 27177 ||| FLEEEEING.
 27197 | D:4      | 27197 ||| FLEEEEING.
 27219 | D:4      | 27219 ||| FLEEEEING.
 27220 | D:4      | 27220 ||| FLEEEEING.
 27221 | D:4      | 27221 ||| FLEEEEING.
 27241 | D:4      | 27241 ||| FLEEEEING.
 27261 | D:4      | 27261 ||| FLEEEEING.
 27281 | D:4      | 27281 ||| FLEEEEING.
 27301 | D:4      | 27301 ||| FLEEEEING.
 27321 | D:4      | 27321 ||| FLEEEEING.
 27341 | D:4      | 27341 ||| FLEEEEING.
 27361 | D:4      | 27361 ||| FLEEEEING.
 27381 | D:4      | 27381 ||| FLEEEEING.
 27402 | D:4      | 27402 ||| FLEEEEING.
 27403 | D:4      | 27403 ||| FLEEEEING.
 27410 | D:4      | Glimpsed the power of Zot.
 27424 | D:4      | 27424 ||| FLEEEEING.
 27425 | D:4      | 27425 ||| FLEEEEING.
 27445 | D:4      | 27445 ||| FLEEEEING.
 27466 | D:4      | 27466 ||| FLEEEEING.
 27467 | D:4      | 27467 ||| FLEEEEING.
 27490 | D:4      | 27490 ||| FLEEEEING.
 27491 | D:4      | 27491 ||| FLEEEEING.
 27492 | D:4      | 27492 ||| FLEEEEING.
 27493 | D:4      | 27493 ||| FLEEEEING.
 27513 | D:4      | 27513 ||| FLEEEEING.
 27533 | D:4      | 27533 ||| FLEEEEING.
 27553 | D:4      | 27553 ||| FLEEEEING.
 27573 | D:4      | 27573 ||| FLEEEEING.
 27593 | D:4      | 27593 ||| FLEEEEING.
 27613 | D:4      | 27613 ||| FLEEEEING.
 27634 | D:4      | 27634 ||| FLEEEEING.
 27635 | D:4      | 27635 ||| FLEEEEING.
 27655 | D:4      | 27655 ||| FLEEEEING.
 27675 | D:4      | 27675 ||| FLEEEEING.
 27695 | D:4      | 27695 ||| FLEEEEING.
 27715 | D:4      | 27715 ||| FLEEEEING.
 27735 | D:4      | 27735 ||| FLEEEEING.
 27756 | D:4      | 27756 ||| FLEEEEING.
 27757 | D:4      | 27757 ||| FLEEEEING.
 27777 | D:4      | 27777 ||| FLEEEEING.
 27797 | D:4      | 27797 ||| FLEEEEING.
 27810 | D:4      | Glimpsed the power of Zot.
 27817 | D:4      | 27817 ||| FLEEEEING.
 27837 | D:4      | 27837 ||| FLEEEEING.
 27857 | D:4      | 27857 ||| FLEEEEING.
 27877 | D:4      | 27877 ||| FLEEEEING.
 27897 | D:4      | 27897 ||| FLEEEEING.
 27909 | D:4      | Touched by the power of Zot.
 27910 | D:4      | Glimpsed the power of Zot.
 27917 | D:4      | 27917 ||| FLEEEEING.
 27938 | D:4      | 27938 ||| FLEEEEING.
 27939 | D:4      | 27939 ||| FLEEEEING.
 27959 | D:4      | 27959 ||| FLEEEEING.
 27979 | D:4      | 27979 ||| FLEEEEING.
 28000 | D:4      | 28000 ||| FLEEEEING.
 28001 | D:4      | 28001 ||| FLEEEEING.
 28022 | D:4      | 28022 ||| FLEEEEING.
 28023 | D:4      | 28023 ||| FLEEEEING.
 28043 | D:4      | 28043 ||| FLEEEEING.
 28063 | D:4      | 28063 ||| FLEEEEING.
 28083 | D:4      | 28083 ||| FLEEEEING.
 28103 | D:4      | 28103 ||| FLEEEEING.
 28123 | D:4      | 28123 ||| FLEEEEING.
 28143 | D:4      | 28143 ||| FLEEEEING.
 28163 | D:4      | 28163 ||| FLEEEEING.
 28183 | D:4      | 28183 ||| FLEEEEING.
 28203 | D:4      | 28203 ||| FLEEEEING.
 28223 | D:4      | 28223 ||| FLEEEEING.
 28243 | D:4      | 28243 ||| FLEEEEING.
 28263 | D:4      | 28263 ||| FLEEEEING.
 28285 | D:4      | 28285 ||| FLEEEEING.
 28286 | D:4      | 28286 ||| FLEEEEING.
 28287 | D:4      | 28287 ||| FLEEEEING.
 28308 | D:4      | 28308 ||| FLEEEEING.
 28309 | D:4      | 28309 ||| FLEEEEING.
 28330 | D:4      | 28330 ||| FLEEEEING.
 28331 | D:4      | 28331 ||| FLEEEEING.
 28351 | D:4      | 28351 ||| FLEEEEING.
 28371 | D:4      | 28371 ||| FLEEEEING.
 28391 | D:4      | 28391 ||| FLEEEEING.
 28410 | D:4      | Glimpsed the power of Zot.
 28411 | D:4      | 28411 ||| FLEEEEING.
 28432 | D:4      | 28432 ||| FLEEEEING.
 28433 | D:4      | 28433 ||| FLEEEEING.
 28453 | D:4      | 28453 ||| FLEEEEING.
 28474 | D:4      | 28474 ||| FLEEEEING.
 28475 | D:4      | 28475 ||| FLEEEEING.
 28495 | D:4      | 28495 ||| FLEEEEING.
 28515 | D:4      | 28515 ||| FLEEEEING.
 28537 | D:4      | 28537 ||| FLEEEEING.
 28538 | D:4      | 28538 ||| FLEEEEING.
 28539 | D:4      | 28539 ||| FLEEEEING.
 28559 | D:4      | 28559 ||| FLEEEEING.
 28580 | D:4      | 28580 ||| FLEEEEING.
 28581 | D:4      | 28581 ||| FLEEEEING.
 28601 | D:4      | 28601 ||| FLEEEEING.
 28621 | D:4      | 28621 ||| FLEEEEING.
 28641 | D:4      | 28641 ||| FLEEEEING.
 28661 | D:4      | 28661 ||| FLEEEEING.
 28681 | D:4      | 28681 ||| FLEEEEING.
 28701 | D:4      | 28701 ||| FLEEEEING.
 28721 | D:4      | 28721 ||| FLEEEEING.
 28741 | D:4      | 28741 ||| FLEEEEING.
 28761 | D:4      | 28761 ||| FLEEEEING.
 28781 | D:4      | 28781 ||| FLEEEEING.
 28801 | D:4      | 28801 ||| FLEEEEING.
 28810 | D:4      | Glimpsed the power of Zot.
 28821 | D:4      | 28821 ||| FLEEEEING.
 28842 | D:4      | 28842 ||| FLEEEEING.
 28843 | D:4      | 28843 ||| FLEEEEING.
 28863 | D:4      | 28863 ||| FLEEEEING.
 28883 | D:4      | 28883 ||| FLEEEEING.
 28904 | D:4      | 28904 ||| FLEEEEING.
 28905 | D:4      | 28905 ||| FLEEEEING.
 28909 | D:4      | Touched by the power of Zot.
 28910 | D:4      | Glimpsed the power of Zot.
 28925 | D:4      | 28925 ||| FLEEEEING.
 28945 | D:4      | 28945 ||| FLEEEEING.
 28965 | D:4      | 28965 ||| FLEEEEING.
 28985 | D:4      | 28985 ||| FLEEEEING.
 29005 | D:4      | 29005 ||| FLEEEEING.
 29025 | D:4      | 29025 ||| FLEEEEING.
 29045 | D:4      | 29045 ||| FLEEEEING.
 29065 | D:4      | 29065 ||| FLEEEEING.
 29085 | D:4      | 29085 ||| FLEEEEING.
 29108 | D:4      | 29108 ||| FLEEEEING.
 29109 | D:4      | 29109 ||| FLEEEEING.
 29110 | D:4      | 29110 ||| FLEEEEING.
 29111 | D:4      | 29111 ||| FLEEEEING.
 29132 | D:4      | 29132 ||| FLEEEEING.
 29133 | D:4      | 29133 ||| FLEEEEING.
 29153 | D:4      | 29153 ||| FLEEEEING.
 29173 | D:4      | 29173 ||| FLEEEEING.
 29193 | D:4      | 29193 ||| FLEEEEING.
 29216 | D:4      | 29216 ||| FLEEEEING.
 29217 | D:4      | 29217 ||| FLEEEEING.
 29218 | D:4      | 29218 ||| FLEEEEING.
 29219 | D:4      | 29219 ||| FLEEEEING.
 29239 | D:4      | 29239 ||| FLEEEEING.
 29259 | D:4      | 29259 ||| FLEEEEING.
 29279 | D:4      | 29279 ||| FLEEEEING.
 29299 | D:4      | 29299 ||| FLEEEEING.
 29319 | D:4      | 29319 ||| FLEEEEING.
 29341 | D:4      | 29341 ||| FLEEEEING.
 29342 | D:4      | 29342 ||| FLEEEEING.
 29343 | D:4      | 29343 ||| FLEEEEING.
 29365 | D:4      | 29365 ||| FLEEEEING.
 29366 | D:4      | 29366 ||| FLEEEEING.
 29367 | D:4      | 29367 ||| FLEEEEING.
 29388 | D:4      | 29388 ||| FLEEEEING.
 29389 | D:4      | 29389 ||| FLEEEEING.
 29410 | D:4      | 29410 ||| FLEEEEING.
 29410 | D:4      | Glimpsed the power of Zot.
 29411 | D:4      | 29411 ||| FLEEEEING.
 29433 | D:4      | 29433 ||| FLEEEEING.
 29434 | D:4      | 29434 ||| FLEEEEING.
 29435 | D:4      | 29435 ||| FLEEEEING.
 29455 | D:4      | 29455 ||| FLEEEEING.
 29475 | D:4      | 29475 ||| FLEEEEING.
 29495 | D:4      | 29495 ||| FLEEEEING.
 29515 | D:4      | 29515 ||| FLEEEEING.
 29535 | D:4      | 29535 ||| FLEEEEING.
 29555 | D:4      | 29555 ||| FLEEEEING.
 29575 | D:4      | 29575 ||| FLEEEEING.
 29595 | D:4      | 29595 ||| FLEEEEING.
 29615 | D:4      | 29615 ||| FLEEEEING.
 29635 | D:4      | 29635 ||| FLEEEEING.
 29655 | D:4      | 29655 ||| FLEEEEING.
 29676 | D:4      | 29676 ||| FLEEEEING.
 29677 | D:4      | 29677 ||| FLEEEEING.
 29698 | D:4      | 29698 ||| FLEEEEING.
 29699 | D:4      | 29699 ||| FLEEEEING.
 29719 | D:4      | 29719 ||| FLEEEEING.
 29739 | D:4      | 29739 ||| FLEEEEING.
 29759 | D:4      | 29759 ||| FLEEEEING.
 29780 | D:4      | 29780 ||| FLEEEEING.
 29781 | D:4      | 29781 ||| FLEEEEING.
 29801 | D:4      | 29801 ||| FLEEEEING.
 29810 | D:4      | Glimpsed the power of Zot.
 29822 | D:4      | 29822 ||| FLEEEEING.
 29823 | D:4      | 29823 ||| FLEEEEING.
 29843 | D:4      | 29843 ||| FLEEEEING.
 29863 | D:4      | 29863 ||| FLEEEEING.
 29883 | D:4      | 29883 ||| FLEEEEING.
 29903 | D:4      | 29903 ||| FLEEEEING.
 29909 | D:4      | Touched by the power of Zot.
 29910 | D:4      | Glimpsed the power of Zot.
 29923 | D:4      | 29923 ||| FLEEEEING.
 29945 | D:4      | 29945 ||| FLEEEEING.
 29946 | D:4      | 29946 ||| FLEEEEING.
 29947 | D:4      | 29947 ||| FLEEEEING.
 29968 | D:4      | 29968 ||| FLEEEEING.
 29969 | D:4      | 29969 ||| FLEEEEING.
 29989 | D:4      | 29989 ||| FLEEEEING.
 30009 | D:4      | 30009 ||| FLEEEEING.
 30029 | D:4      | 30029 ||| FLEEEEING.
 30049 | D:4      | 30049 ||| FLEEEEING.
 30069 | D:4      | 30069 ||| FLEEEEING.
 30089 | D:4      | 30089 ||| FLEEEEING.
 30109 | D:4      | 30109 ||| FLEEEEING.
 30129 | D:4      | 30129 ||| FLEEEEING.
 30150 | D:4      | 30150 ||| FLEEEEING.
 30151 | D:4      | 30151 ||| FLEEEEING.
 30171 | D:4      | 30171 ||| FLEEEEING.
 30191 | D:4      | 30191 ||| FLEEEEING.
 30212 | D:4      | 30212 ||| FLEEEEING.
 30213 | D:4      | 30213 ||| FLEEEEING.
 30234 | D:4      | 30234 ||| FLEEEEING.
 30235 | D:4      | 30235 ||| FLEEEEING.
 30255 | D:4      | 30255 ||| FLEEEEING.
 30275 | D:4      | 30275 ||| FLEEEEING.
 30295 | D:4      | 30295 ||| FLEEEEING.
 30315 | D:4      | 30315 ||| FLEEEEING.
 30335 | D:4      | 30335 ||| FLEEEEING.
 30355 | D:4      | 30355 ||| FLEEEEING.
 30375 | D:4      | 30375 ||| FLEEEEING.
 30395 | D:4      | 30395 ||| FLEEEEING.
 30410 | D:4      | Glimpsed the power of Zot.
 30417 | D:4      | 30417 ||| FLEEEEING.
 30418 | D:4      | 30418 ||| FLEEEEING.
 30419 | D:4      | 30419 ||| FLEEEEING.
 30441 | D:4      | 30441 ||| FLEEEEING.
 30442 | D:4      | 30442 ||| FLEEEEING.
 30443 | D:4      | 30443 ||| FLEEEEING.
 30466 | D:4      | 30466 ||| FLEEEEING.
 30467 | D:4      | 30467 ||| FLEEEEING.
 30468 | D:4      | 30468 ||| FLEEEEING.
 30469 | D:4      | 30469 ||| FLEEEEING.
 30489 | D:4      | 30489 ||| FLEEEEING.
 30509 | D:4      | 30509 ||| FLEEEEING.
 30529 | D:4      | 30529 ||| FLEEEEING.
 30549 | D:4      | 30549 ||| FLEEEEING.
 30569 | D:4      | 30569 ||| FLEEEEING.
 30589 | D:4      | 30589 ||| FLEEEEING.
 30609 | D:4      | 30609 ||| FLEEEEING.
 30629 | D:4      | 30629 ||| FLEEEEING.
 30649 | D:4      | 30649 ||| FLEEEEING.
 30669 | D:4      | 30669 ||| FLEEEEING.
 30692 | D:4      | 30692 ||| FLEEEEING.
 30693 | D:4      | 30693 ||| FLEEEEING.
 30694 | D:4      | 30694 ||| FLEEEEING.
 30695 | D:4      | 30695 ||| FLEEEEING.
 30715 | D:4      | 30715 ||| FLEEEEING.
 30736 | D:4      | 30736 ||| FLEEEEING.
 30737 | D:4      | 30737 ||| FLEEEEING.
 30757 | D:4      | 30757 ||| FLEEEEING.
 30777 | D:4      | 30777 ||| FLEEEEING.
 30797 | D:4      | 30797 ||| FLEEEEING.
 30810 | D:4      | Glimpsed the power of Zot.
 30817 | D:4      | 30817 ||| FLEEEEING.
 30837 | D:4      | 30837 ||| FLEEEEING.
 30857 | D:4      | 30857 ||| FLEEEEING.
 30878 | D:4      | 30878 ||| FLEEEEING.
 30879 | D:4      | 30879 ||| FLEEEEING.
 30900 | D:4      | 30900 ||| FLEEEEING.
 30901 | D:4      | 30901 ||| FLEEEEING.
 30909 | D:4      | Touched by the power of Zot.
 30910 | D:4      | Glimpsed the power of Zot.
 30921 | D:4      | 30921 ||| FLEEEEING.
 30942 | D:4      | 30942 ||| FLEEEEING.
 30943 | D:4      | 30943 ||| FLEEEEING.
 30964 | D:4      | 30964 ||| FLEEEEING.
 30965 | D:4      | 30965 ||| FLEEEEING.
 30986 | D:4      | 30986 ||| FLEEEEING.
 30987 | D:4      | 30987 ||| FLEEEEING.
 31007 | D:4      | 31007 ||| FLEEEEING.
 31028 | D:4      | 31028 ||| FLEEEEING.
 31029 | D:4      | 31029 ||| FLEEEEING.
 31049 | D:4      | 31049 ||| FLEEEEING.
 31069 | D:4      | 31069 ||| FLEEEEING.
 31089 | D:4      | 31089 ||| FLEEEEING.
 31109 | D:4      | 31109 ||| FLEEEEING.
 31130 | D:4      | 31130 ||| FLEEEEING.
 31131 | D:4      | 31131 ||| FLEEEEING.
 31151 | D:4      | 31151 ||| FLEEEEING.
 31171 | D:4      | 31171 ||| FLEEEEING.
 31191 | D:4      | 31191 ||| FLEEEEING.
 31211 | D:4      | 31211 ||| FLEEEEING.
 31231 | D:4      | 31231 ||| FLEEEEING.
 31251 | D:4      | 31251 ||| FLEEEEING.
 31271 | D:4      | 31271 ||| FLEEEEING.
 31291 | D:4      | 31291 ||| FLEEEEING.
 31312 | D:4      | 31312 ||| FLEEEEING.
 31313 | D:4      | 31313 ||| FLEEEEING.
 31334 | D:4      | 31334 ||| FLEEEEING.
 31335 | D:4      | 31335 ||| FLEEEEING.
 31355 | D:4      | 31355 ||| FLEEEEING.
 31374 | D:4      | Slain by a goblin

Levels and vault maps discovered:
D:1:      lightli_arrival_chessboard, layout_rooms,
          hellmonk_ecumenical_altar_watching_god, serial_bayou_pond_c,
          minmay_split_cup_large
D:2:      layout_basic, serial_shops, shop, shop, nicolae_shop_window_shopping,
          shop, kennysheep_generic_room_4
D:3:      layout_basic, grunt_temple_overflow_open, cheibrodos_gnoll_hut,
          uniq_grinder
D:4:      layout_gridville, kennysheep_okawaru_gauntlet, ebering_ghost_sewer_d

Skill      XL: |  1  2  3  4  5  6  7 |
---------------+----------------------+-----
Axes           | 2 3 5 6 7 |  7.0
Fighting       | 4 |  4.1
Armour         | |  3.2
Shields        | |  3.2

Action                   |  1- 3 |  4- 6 |  7- 9 || total
-------------------------+-------+-------+-------++-------
Melee: War axe           |   114 |   138 |    11 ||   263
  Use: Scroll            |     2 |     4 |       ||     6
       Potion            |     1 |     3 |       ||     4
Armor: Scale mail        |    28 |       |       ||    28
       Chain mail        |    35 |    93 |  1135 ||  1263
Dodge: Dodged            |    49 |    57 |   547 ||   653
Block: Buckler           |    19 |    35 |   280 ||   334

Table legend:
 A = Non-vault XP
 B = Vault XP
 C = Vault XP percentage of total XP
 D = Non-vault monster count
 E = Vault monster count
 F = Vault count percentage of total count
                 A         B        C        D         E       F
            +---------+---------+-------+---------+---------+-------
      Total |     477 |     382 |  44.5 |      61 |       8 |  11.6
            +---------+---------+-------+---------+---------+-------
        D:1 |      43 |      10 |  18.9 |      25 |       4 |  13.8
        D:2 |      32 |       0 |   0.0 |      14 |       0 |   0.0
        D:3 |      28 |     372 |  93.0 |      13 |       4 |  23.5
        D:4 |     374 |       0 |   0.0 |       9 |       0 |   0.0
            +---------+---------+-------+---------+---------+-------
